Workbook
Name addlogo: INDEX(#REF!,MATCH(#REF!,#REF!,0))
Name DKCO: #REF!
Name DKNO: #REF!
Name Donvi: #REF!
Name LM: #REF!
Name LN: #REF!
Name Taikhoan: #REF!
Name TaxTV: 10%
Name TaxXL: 5%
Name TK_BS: #REF!
Name TK_PL: #REF!
Name TK_TB: #REF!
Name TKBS: #REF!
Name Ý_kiến: #REF!
Name YKien: #REF!
Name ZYX: #REF!
Name ZZZ: #REF!

Sheet Tong quat
A1: Kỳ báo cáo: | C1: Tại ngày 31 tháng 12 năm 2022/As at 31 December 2022
C2: Năm 2022/ Year 2022
A4: Thông tin chung:
C5: Tên Quỹ: | D5: Quỹ Đầu Tư Trái Phiếu Lighthouse
C6: Fund name: | D6: Lighthouse Capital Bond Fund (LHBF)
C7: Tên Công ty quản lý quỹ: | D7: Công Ty Cổ Phần Quản Lý Quỹ Đầu Tư Lighthouse
C8: Fund Management Company: | D8: Lighthouse Capital Fund Management Joint Stock Company
C9: Tên ngân hàng giám sát: | D9: Ngân hàng TMCP Đầu tư và Phát triển Việt Nam CN Nam Kỳ Khởi Nghĩa
C10: Supervising bank: | D10: Bank for Investment and Development of VietNam JSC - Nam Ky Khoi Nghia Branch
C11: Ngày lập báo cáo: | D11: Ngày 10 tháng 03 năm 2023
C12: Reporting Date: | D12: 44995
A14: Người ký báo cáo:
C16: Đại diện có thẩm quyền của Ngân hàng giám sát | F16: Đại diện có thẩm quyền của Công ty quản lý Quỹ
C17: Authorised Representative of Supervisory Bank | F17: Authorised Representative of Fund Management Company
C19: NH TMCP ĐT & PT Việt Nam CN Nam Kỳ Khởi Nghĩa | F19: Công Ty Cổ Phần Quản Lý Quỹ Đầu Tư Lighthouse
C20: Hoàng Văn Sơn | F20: Nguyễn Lê Đình Quang
C21: Phó giám đốc Chi nhánh | F21: Tổng Giám Đốc
B27: STT | C27: Nội dung | E27: Tên sheet
B28: A | C28: BÁO CÁO CHUNG VỀ HOẠT ĐỘNG ĐẦU TƯ CỦA QUỸ
B29: 1 | C29: Báo cáo thu nhập | E29: BCThuNhap_06203
B30: 2 | C30: Báo cáo tình hình tài chính | E30: BCTinhHinhTaiChinh_06105
B31: 3 | C31: Báo cáo lưu chuyển tiền tệ | E31: BCLCGT_06262
B32: 4 | C32: Báo cáo tài sản | E32: BCTaiSan_06027
B33: 5 | C33: Baó cáo Kết quả hoạt động | E33: BCKetQuaHoatDong_06028
B34: 6 | C34: Baáo cáo Danh mục đầu tư | E34: BCDanhmucdautu_06029
B35: 7 | C35: Giá trị tài sản ròng | E35: GiaTriTaiSanRong_06129
B36: 8 | C36: Báo cáo hoạt động vay | E36: Bchoatdongvay_06026
B37: 9 | C37: Báo cáo chỉ tiêu khác | E37: Khac_06030
B38: 10 | C38: Thống kê phí giao dịch
B39: B | C39: BÁO CÁO TÌNH HÌNH TỰ DOANH ĐẦU TƯ GIÁN TIẾP RA NƯỚC NGOÀI CỦA QUỸ | E39: Không có
B42: Thống kê các Thuyết minh BCTC
D44: Có trình bày Y/N/O | E44: Nguyên nhân không trình bày
B45: 1/ | C45: Tiền gửi Ngân hàng | D45: Y
B46: 2/ | C46: Các khoản đầu tư | D46: Y
B47: 3/ | C47: Các khoản dự phòng | D47: O | E47: Không có khoản mục này không phải trình bày
B48: 4/ | C48: Vay ngắn hạn | D48: N | E48: Không có số dư không trình bày
B49: 5/ | C49: Phải trả mua các khoản đầu tư | D49: N | E49: Không có số dư không trình bày
B50: 6/ | C50: Phải trả các Đại lý phân phối, Công ty Quản lý quỹ về phí phát hành và mua lại Chứng chỉ quỹ | D50: N | E50: Trên báo cáo chính đã chi tiết theo từng khoản mục
B51: 7/ | C51: Thuế và các khoản phải nộp Nhà nước | D51: N | E51: Không bắt buộc, Quỹ chỉ có khoản mục thuế từ hoạt động mua bán CCQ và Thù lao BDD
B52: 8/ | C52: Phải trả thu nhập cho Nhà đầu tư | D52: N | E52: Quỹ nào có chia cổ tức mới trình bày
B53: 9/ | C53: Chi phí phải trả | D53: N | E53: Trên báo cáo chính đã chi tiết theo từng khoản mục
B54: 10/ | C54: Phải trả dịch vụ quản lý quỹ | D54: N | E54: Trên báo cáo chính đã chi tiết theo từng khoản mục
B55: 11/ | C55: Phải trả, phải nộp khác | D55: Y | E55: Chi tiết theo nature khoản mục của từng quỹ
B56: 12/ | C56: Tình hình biến động vốn chủ sở hữu | D56: Y
B57: 13/ | C57: Lợi nhuận chưa phân phối | D57: Y
B58: 14/ | C58: Lãi, lỗ bán các khoản đầu tư | D58: Y | E58: Tính toán lại dựa trên Báo cáo Sale and Purchase Report, checking với cân đối
B59: 15/ | C59: Chênh lệch đánh giá lại các khoản đầu tư | D59: Y | E59: Dựa trên báo cáo Portfolio Valuation
B60: 16/ | C60: Doanh thu hoạt động đầu tư | D60: Y
B61: 17/ | C61: Chi phí giao dịch mua các khoản đầu tư | D61: N | E61: Hệ thống ko support nhặt số liệu báo cáo này
B62: 18/ | C62: Chi phí giao dịch bán các khoản đầu tư | D62: N | E62: Hệ thống ko support nhặt số liệu báo cáo này
B63: 19/ | C63: Chi phí đầu tư | D63: N | E63: Trên báo cáo chính đã chi tiết theo từng khoản mục
B64: 20/ | C64: Chi phí quản lý Quỹ mở | D64: N | E64: Trên báo cáo chính đã chi tiết theo từng khoản mục
B65: 21/ | C65: Thuyết minh về giá trị tài sản ròng | D65: Y | E65: Thống kê theo từng kỳ NAV
B66: 22/ | C66: Thuyết minh về danh mục các khoản đầu tư | D66: N | E66: Báo cáo theo thông tư 98 đã có thông tin
B67: 23/ | C67: Thuyết minh về các Tài khoản loại 0 | D67: N | E67: Không có
B68: 24/ | C68: Những thông tin khác | D68: N | E68: Không bắt buộc trình bày

Sheet BCThuNhap_06203
A1: Mẫu số B01g - QM. Báo cáo thu nhập Template B01g - QM. Statement of Comprehensive Income
A2: (Ban hành kèm theo Thông tư 198/2012/TT-BTC ngày 15 tháng 11 năm 2012 về chế độ kế toán áp dụng đối với quỹ mở) (Issued in association with Circular 198/2012/TT-BTC dated 15 Nov 2012 on the Accounting Policies for Open-Ended Fund)
A3: BÁO CÁO THU NHẬP STATEMENT OF COMPREHENSIVE INCOME
A5: Năm 2022/ Year 2022
A7: Tên Quỹ: | B7: Quỹ Đầu Tư Trái Phiếu Lighthouse
A8: Fund name: | B8: Lighthouse Capital Bond Fund (LHBF)
A9: Tên Công ty quản lý quỹ: | B9: Công Ty Cổ Phần Quản Lý Quỹ Đầu Tư Lighthouse
A10: Fund Management Company: | B10: Lighthouse Capital Fund Management Joint Stock Company
A11: Tên ngân hàng giám sát: | B11: Ngân hàng TMCP Đầu tư và Phát triển Việt Nam Chi nhánh Nam Kỳ Khởi Nghĩa
A12: Supervising bank: | B12: Bank for Investment and Development of VietNam JSC - Nam Ky Khoi Nghia Branch
A13: Ngày lập báo cáo: | B13: Ngày 10 tháng 03 năm 2023
A14: Reporting Date: | B14: 44995
A16: Chỉ tiêu Indicator | B16: Mã số Code | C16: Thuyết minh Note | D16: Năm 2022 Year 2022 | E16: Năm 2021 Year 2021
A17: I. THU NHẬP, DOANH THU HOẠT ĐỘNG ĐẦU TƯ Investment income | B17: 01 | D17: 3938390
A18: 1.1. Cổ tức, trái tức được chia Dividend, bond interest received | B18: 02 | D18: 0
A19: Cổ tức được nhận Dividend received | B19: 02.1 | D19: 0
A20: Trái tức được nhận Coupon received | B20: 02.2 | D20: 0
A21: 1.2. Tiền lãi được nhận Interest income | B21: 03 | D21: 3938390
A22: Tiền lãi tiền gửi được nhận Bank Deposit Interest received | B22: 03.1 | D22: 3938390
A23: Lãi chứng chỉ tiền gửi Interest income from Certificate of Deposit | B23: 03.2 | D23: 0
A24: 1.3. Lãi (lỗ) bán các khoản đầu tư Realized gain (losses) from disposal investments | B24: 04 | D24: 0
A25: 1.4. Chênh lệch tăng, giảm đánh giá lại các khoản đầu tư chưa thực hiện Unrealized gain (losses) from investment revaluation | B25: 05 | D25: 0
A26: 1.5. Doanh thu khác Other income | B26: 06 | D26: 0
A27: 1.6. Chênh lệch lãi, lỗ tỷ giá hối đoái đã và chưa thực hiện Realized and unrealized gain (losses) from foreign exchange | B27: 07 | D27: 0
A28: 1.7. Doanh thu khác về đầu tư Other investment income | B28: 08 | D28: 0
... A31: 2.1. Chi phí giao dịch mua, bán các khoản đầu tư Expense for purchasing and selling investments | B31: 11 | D31: 0
A32: Phí môi giới Brokerage fee | B32: 11.1 | D32: 0
A33: Chi phí thanh toán bù trừ Clearing settlement fee | B33: 11.2 | D33: 0
A34: 2.2. Chi phí dự phòng nợ phải thu khó đòi và xử lý tổn thất phải thu khó đòi Provision expense | B34: 12 | D34: 0
A35: 2.3. Chi phí lãi vay Borrowing interest expense | B35: 13 | D35: 0
A36: 2.4. Chi phí dự phòng giảm giá tài sản nhận thế chấp và xử lý tổn thất các khoản đầu tư cho vay có tài sản nhận thế chấp Impairment expense for devaluation of assets received as pledge | B36: 14 | D36: 0
A37: 2.5. Chi phí đầu tư khác Other investments expense | B37: 15 | D37: 0
A38: III. CHI PHÍ HOẠT ĐỘNG CỦA QUỸ OPERATING EXPENSE | B38: 20 | D38: 42000000
A39: 3.1. Phí quản lý Quỹ mở Management fee | B39: 20.1 | D39: 0
A40: 3.2. Phí dịch vụ lưu ký tài sản Quỹ mở Custodian fee | B40: 20.2 | D40: 15000000
A41: Phí dịch vụ lưu ký - bảo quản tài sản Custodian service - Custody Fee | B41: 20.2.1 | D41: 15000000
A42: Phí dịch vụ lưu ký - giao dịch chứng khoán Custodian service - Transaction fee | B42: 20.2.2 | D42: 0
A43: Phí dịch vụ lưu ký - phí VSD Custodian service - VSD fee | B43: 20.2.3 | D43: 0
A44: 3.3. Phí dịch vụ giám sát Supervising fee | B44: 20.3 | D44: 5500000
A45: 3.4. Phí dịch vụ quản trị Quỹ mở Fund administrative fee | B45: 20.4 | D45: 16500000
... A70: 6.2. Lợi nhận/(lỗ) chưa thực hiện Unrealized profit (losses) | B70: 32 | D70: 0
A71: VII. CHI PHÍ THUẾ TNDN CORPORATE INCOME TAX | B71: 40
A72: VIII. LỢI NHUẬN KẾ TOÁN SAU THUẾ TNDN PROFIT AFTER TAX (41=30-40) | B72: 41 | D72: =D68-D71 -> -38061610
A76: Công Ty Cổ Phần Quản Lý Quỹ Đầu Tư Lighthouse
A79: Người lập
A90: Phạm Thị Minh Huệ | D90: Hà Thị Tuyết Nhung | E90: Nguyễn Lê Đình Quang
A91: Kế toán | D91: Kế toán trưởng | E91: Tổng Giám Đốc

Sheet BCTinhHinhTaiChinh_06105
A1: Mẫu số B02g - QM. Báo cáo tình hình tài chính Template B02g - QM. Statement of Financial Position
A2: (Ban hành kèm theo Thông tư 198/2012/TT-BTC ngày 15 tháng 11 năm 2012 về chế độ kế toán áp dụng đối với quỹ mở) (Issued in association with Circular 198/2012/TT-BTC dated 15 Nov 2012 on the Accounting Policies for Open-Ended Fund)
A3: BÁO CÁO TÌNH HÌNH TÀI CHÍNH STATEMENT OF FINANCIAL POSITION
A5: Tại 31 tháng 12 năm 2022/As at 31 December 2022
A7: Tên Quỹ: | B7: Quỹ Đầu Tư Trái Phiếu Lighthouse
A8: Fund name: | B8: Lighthouse Capital Bond Fund (LHBF)
A9: Tên Công ty quản lý quỹ: | B9: Công Ty Cổ Phần Quản Lý Quỹ Đầu Tư Lighthouse
A10: Fund Management Company: | B10: Lighthouse Capital Fund Management Joint Stock Company
A11: Tên ngân hàng giám sát: | B11: Ngân hàng TMCP Đầu tư và Phát triển Việt Nam Chi nhánh Nam Kỳ Khởi Nghĩa
A12: Supervising bank: | B12: Bank for Investment and Development of VietNam JSC - Nam Ky Khoi Nghia Branch
A13: Ngày lập báo cáo: | B13: =BCThuNhap_06203!B13 -> Ngày 10 tháng 03 năm 2023
A14: Reporting Date: | B14: =BCThuNhap_06203!B14 -> 44995
A16: Chỉ tiêu Indicator | B16: Mã số Code | C16: Thuyết minh Note | D16: Ngày 31 tháng 12 năm 2022 As at 31 December 2022 | E16: Ngày 31 tháng 12 năm 2021 As at 31 December 2021 | I16: Ngày 28 tháng 02 năm 2019 As at 28 February 2019
A17: I. TÀI SẢN ASSETS
A18: 1.Tiền gửi ngân hàng và tương đương tiền Cash at bank and cash equivalent | B18: 110 | D18: 50438938390 | I18: 29799258648 | J18: 729768413
A19: 1.1. Tiền gửi ngân hàng cho hoạt động của Quỹ mở Cash at bank for Fund's operation | B19: 111 | D19: 50438938390 | I19: 9361428215 | J19: 611101479
A20: Tiền gửi của nhà đầu tư cho hoạt động mua chứng chỉ quỹ Cash at bank for Fund's subscription | B20: 111.1 | D20: 0
A21: Tiền phải trả cho Nhà đầu tư về mua lại chứng chỉ quỹ Cash at bank for Fund's redemption | B21: 111.2 | D21: 0
A22: Tiền gửi ngân hàng cho hoạt động của Quỹ Cash at bank for Fund's operation | B22: 111.3 | D22: 50438938390
A23: 1.2. Tiền gửi có kỳ hạn dưới 3 tháng Term deposit less than 3 months | B23: 112 | D23: 0 | I23: 20437830433 | J23: 118666934
A24: 2. Các khoản đầu tư thuần Investment | B24: 120 | D24: 0 | I24: 46113652000 | J24: -267466000
A25: 2.1. Các khoản đầu tư Investments | B25: 121 | D25: 0 | I25: 46113652000 | J25: -267466000
A26: Cổ phiếu niêm yết Listed shares | B26: 121.1 | D26: 0 | I26: 43113652000 | J26: -267466000
A27: Cổ phiếu chưa niêm yết Unlisted shares | B27: 121.2 | D27: 0 | I27: 0
A28: Trái phiếu Bonds | B28: 121.3 | D28: 0 | I28: 0 | J28: 0
A29: Hợp đồng tiền gửi có kỳ hạn trên ba (03) tháng Deposit with term over three (03) months | B29: 121.4 | D29: 0 | I29: 3000000000 | J29: 0
A30: Chứng chỉ tiền gửi ghi danh Registered Deposit Certificate | B30: 121.5 | D30: 0 | I30: 0 | J30: 0
A31: Quyền mua chứng khoán Investments - Rights | B31: 121.6 | D31: 0 | I31: 0 | J31: 0
A32: 2.2. Dự phòng giảm giá tài sản nhận thế chấp Impairment of devaluation of assets as pledge | B32: 122 | D32: 0 | I32: 0 | J32: 0
A33: 3. Các khoản phải thu Receivables | B33: 130 | D33: 0 | I33: 473787186 | J33: -61449754
A34: 3.1 Phải thu về bán các khoản đầu tư Receivables from investments sold but not yet settled | B34: 131 | D34: 0 | I34: 285571000 | J34: -58238511
A35: 3.2. Phải thu và dự thu cổ tức, tiền lãi các khoản đầu tư Dividend and interest receivables | B35: 133 | D35: 0 | I35: 188216186 | J35: -3211243
A36: Phải thu cổ tức, tiền lãi đến ngày nhận Dividend and interest receivables | B36: 134 | D36: 0 | I36: 0 | J36: 0
A37: Trong đó: Phải thu khó đòi về cổ tức, tiền lãi đến ngày nhận nhưng chưa nhận được In which: Overdue receivables from dividend, interest income | B37: 135 | D37: 0 | J37: 0
A38: Dự thu cổ tức, tiền lãi chưa đến ngày nhận Accrual dividend, interest income | B38: 136 | D38: 0 | I38: 188216186 | J38: -3211243
A39: Phải thu cổ tức Dividend receivable | B39: 136.1 | D39: 0 | I39: 0 | J39: 0
A40: Phải thu lãi tiền gửi có kỳ hạn Interest receivable from term deposit | B40: 136.2 | D40: 0 | I40: 188216186 | J40: -3211243
A41: Phải thu lãi chứng chỉ tiền gửi ghi danh Interest receivable from registered Deposit Certificate | B41: 136.3 | D41: 0 | I41: 0 | J41: 0
A42: Phải thu trái tức Coupond receivable | B42: 136.4 | D42: 0 | I42: 0 | J42: 0
A43: Phải thu lãi hợp đồng mua lại đảo ngược Interest receivable from reverse repo contract | B43: 136.5 | D43: 0 | I43: 0 | J43: 0
A44: 3.3. Các khoản phải thu khác Other receivables | B44: 137 | D44: 0 | I44: 0 | J44: 0
A45: 3.4. Dự phòng nợ phải thu khó đòi Provision for doubtful debt | B45: 138 | D45: 0 | I45: 0 | J45: 0 | M45: checking
A46: TỔNG TÀI SẢN TOTAL ASSETS | B46: 100 | D46: 50438938390 | G46: 0 | H46: 0 | I46: 76386697834 | J46: 400852659 | M46: 77161857907 | N46: 76787550493
A47: II. NỢ PHẢI TRẢ TOTAL LIABILITIES | B47: II | D47: 0 | J47: 0 | M47: 0 | N47: 0
A48: 1. Vay ngắn hạn - hợp đồng repo Shorterm loans - Repo | B48: 311 | D48: 0 | I48: 0 | J48: 0
A49: 2. Phải trả về mua các khoản đầu tư Payables for securities bought but not yet settled | B49: 312 | D49: 0 | I49: 1491333650 | J49: -1427738400
A50: 3. Phải trả phí cho các Đại lý phân phối, Công ty quản lý quỹ về mua bán Chứng chỉ quỹ Subscription and Redemption fee payable to distributors and fund management company | B50: 313 | D50: 0 | I50: 0 | J50: 250000
A51: 4. Thuế và các khoản phải nộp Nhà nước Tax payables and obligations to the State Budget | B51: 314 | D51: 0 | I51: 0 | J51: 0
A52: 5.Phải trả thu nhập cho Nhà đầu tư Profit distribution payables | B52: 315 | D52: 0 | I52: 0 | J52: 0
A53: 6. Chi phí phải trả Expense Accuals | B53: 316 | D53: 5000000 | I53: 95797260 | J53: 15591781
A54: Trích trước phí môi giới Expense accruals - Brokerage fee | B54: 316.1 | D54: 0 | I54: 0 | J54: 0
A55: Trích trước phí kiểm toán Expense accruals- Audit fee | B55: 316.2 | D55: 0 | I55: 82780822 | J55: 9342466
A56: Trích trước phí họp đại hội thường niên Expense accruals - Annual General meeting | B56: 316.3 | D56: 0 | I56: 0 | J56: 0
A57: Trích trước phí báo cáo thường niên Expense accruals for Annual report | B57: 316.4 | D57: 0 | I57: 0 | J57: 0
A58: Trích trước thù lao ban đại diện quỹ Expense accruals - Remuneration Payable to Fund's Board of Representatives | B58: 316.5 | D58: 0 | I58: 11400000 | J58: 5400000
A59: Trích trước phí công tác, họp của ban đại diện Expense accruals for Fund's Board of Representatives travelling, meeting | B59: 316.6 | D59: 0 | I59: 0 | J59: 0
A60: Trích trước phí quản lý thường niên Expense accruals for Annual Fee | B60: 316.7 | D60: 5000000 | I60: 1616438 | J60: 849315
A61: 7. Phải trả cho Nhà đầu tư về mua Chứng chỉ quỹ Subscription Suspense Payable | B61: 317 | D61: 0 | I61: 0 | J61: 0
A62: 8. Phải trả cho Nhà đầu tư về mua lại Chứng chỉ quỹ Redemption payable | B62: 318 | D62: 0 | I62: 0 | J62: 0
A63: 9. Phải trả dịch vụ quản lý Quỹ mở Fund management related service expense payable | B63: 319 | D63: 37000000 | I63: 109626433 | J63: 8751876
A64: Trích trước phải trả phí quản lý Expense accruals for Management fee | B64: 319.1 | D64: 0 | I64: 51431433 | J64: 6801876
A65: Trích trước phí lưu ký tài sản Expense accruals for Custodian fee | B65: 319.2 | D65: 15000000 | I65: 10750000 | J65: 0
A66: Trích trước phí quản trị quỹ Expense accruals for Fund administration fee | B66: 319.3 | D66: 16500000 | I66: 11180000 | J66: 0
A67: Trích trước phí giám sát Expense accruals for Supervising fee | B67: 319.4 | D67: 5500000 | I67: 19565000 | J67: 0
A68: Trích trước phí dịch vụ đại lý chuyển nhượng Expense accruals for Tranfer agency fee | B68: 319.5 | D68: 0 | I68: 11000000 | J68: 0
A69: Phải trả phí giao dịch Accruals of Transaction Fee | B69: 319.6 | D69: 0 | I69: 5700000 | J69: 1950000
A70: Phải trả phí giao dịch thanh toán bù trừ chứng khoán Accruals of Clearing Settlement Fee | B70: 319.7 | D70: 0 | I70: 0 | J70: 0
A71: 10. Phải trả, phải nộp khác Other payables | B71: 320 | D71: 0 | I71: 0 | J71: 0
A72: TỔNG NỢ PHẢI TRẢ TOTAL LIABILITIES | B72: 300 | D72: 42000000 | G72: Check | I72: 1696757343 | J72: -1403144743 | M72: 190555733 | N72: 293612600
A73: III. GIÁ TRỊ TÀI SẢN RÒNG CÓ THỂ PHÂN PHỐI CHO NHÀ ĐẦU TƯ NẮM GIỮ CHỨNG CHỈ QUỸ MỞ (I-II) DISTRIBUTABLE NET ASSET VALUE (I-II) | B73: 400 | D73: 50396938390 | G73: 0 | H73: 0 | I73: 74689940491 | J73: 1803997402 | M73: 0 | N73: 0
A74: 1. Vốn góp của Nhà đầu tư Paid up capital | B74: 411 | D74: 50435000000 | I74: 63515455252 | J74: 41425800 | M74: 76971302174 | N74: 76493937893
A75: 1.1 Vốn góp phát hành Capital from subscription | B75: 412 | D75: 50435000000
A76: 1.2 Vốn góp mua lại Capital from redeemption | B76: 413 | D76: 0
A77: 2. Thặng dư vốn góp của Nhà đầu tư Share premium | B77: 414 | D77: 0
A78: 3. Lợi nhuận chưa phân phối Undistributed earnings | B78: 420 | D78: -38061610 | I78: 10146275894 | J78: 1754247402 | M78: 0 | N78: 0
A79: IV. GIÁ TRỊ TÀI SẢN RÒNG QUỸ MỞ TRÊN 1 ĐƠN VỊ CHỨNG CHỈ QUỸ (IV=III/(VI.4)) NET ASSET VALUE PER FUND CERTIFICATE | B79: 430 | D79: 9992.45 | I79: 11759.33 | J79: 276.18
A80: V. LỢI NHUẬN ĐÃ PHÂN PHỐI CHO NHÀ ĐẦU TƯ DISTRIBUTED EARNINGS | B80: 440 | D80: 0 | J80: 0
A81: 1. Lợi nhuận/Tài sản đã phân phối cho Nhà đầu tư trong năm Distributed earnings assets in the period | B81: 441 | D81: 0 | I81: 0 | J81: 0
A82: 2. Lợi nhuận đã phân phối cho Nhà đầu tư lũy kế từ khi thành lập Quỹ mở đến kỳ lập báo cáo này Accumulated distributed profit/ assets | B82: 442 | D82: 0 | I82: 11894947459 | J82: 0
A83: VI. CÁC CHỈ TIÊU NGOÀI BÁO CÁO TÌNH HÌNH TÀI CHÍNH OFF BALANCE SHEET ITEMS | B83: VI | D83: 0 | J83: 0
A84: 1. Tài sản nhận thế chấp Assets received as pledge | B84: 001 | D84: 0 | I84: 0 | J84: 0
A85: 2. Nợ khó đòi đã xử lý Written off bad debts | B85: 002 | D85: 0 | I85: 0 | J85: 0
A86: 3. Ngoại tệ các loại Foreign currencies | B86: 003 | D86: 0 | I86: 0 | J86: 0
A87: 4. Số lượng Chứng chỉ quỹ đang lưu hành Number of outstanding fund certificates | B87: 004 | D87: 5043500 | I87: 6351545.5 | J87: 4142.58
A92: Công Ty Cổ Phần Quản Lý Quỹ Đầu Tư Lighthouse
A94: Người lập | D94: Người duyệt
A108: Phạm Thị Minh Huệ | D108: Hà Thị Tuyết Nhung | E108: Nguyễn Lê Đình Quang
A109: Kế toán | D109: Kế toán trưởng | E109: Tổng Giám Đốc

Sheet BCLCGT_06262
A1: Mẫu số B02g - QM. Báo cáo tình hình tài chính Template B02g - QM. Statement of Financial Position
A2: (Ban hành kèm theo Thông tư 198/2012/TT-BTC ngày 15 tháng 11 năm 2012 về chế độ kế toán áp dụng đối với quỹ mở) (Issued in association with Circular 198/2012/TT-BTC dated 15 Nov 2012 on the Accounting Policies for Open-Ended Fund)
A3: BÁO CÁO LƯU CHUYỂN TIỀN TỆ CASH FLOW STATEMENT
A4: =BCThuNhap_06203!A5 -> Năm 2022/ Year 2022
A7: Tên Quỹ: | B7: Quỹ Đầu Tư Trái Phiếu Lighthouse
A8: Fund name: | B8: Lighthouse Capital Bond Fund (LHBF)
A9: Tên Công ty quản lý quỹ: | B9: Công Ty Cổ Phần Quản Lý Quỹ Đầu Tư Lighthouse
A10: Fund Management Company: | B10: Lighthouse Capital Fund Management Joint Stock Company
A11: Tên ngân hàng giám sát: | B11: NH TMCP Đầu tư và Phát triển Việt Nam Chi nhánh Nam Kỳ Khởi Nghĩa
A12: Supervising bank: | B12: Bank for Investment and Development of VietNam JSC - Nam Ky Khoi Nghia Branch
A13: Ngày lập báo cáo: | B13: =BCThuNhap_06203!B13 -> Ngày 10 tháng 03 năm 2023
A14: Reporting Date: | B14: =BCThuNhap_06203!B14 -> 44995
A17: Chỉ tiêu Indicator | B17: Mã số Code | C17: Thuyết minh Note | D17: Năm 2022 Year 2022 | E17: Năm 2021 Year 2021
A18: I. Lưu chuyển tiền từ hoạt động đầu tư Cash flow from investing activities | B18: I
A19: 1. Lợi nhuận trước Thuế thu nhập doanh nghiệp Profit before income tax | B19: 01 | D19: =BCThuNhap_06203!D72 -> -38061610
A20: 2. Điều chỉnh cho các khoản tăng giá trị tài sản ròng từ các hoạt động đầu tư Adjustment for NAV increase from investing activities | B20: 02 | D20: =+D21+D22 -> 5000000
A21: (- Lãi) hoặc (+ lỗ) chênh lệch tỷ giá hối đoái/ đánh giá lại các khoản đầu tư chưa thực hiện Unreliased (Gain) or Loss from FX valuation/Investment revaluation | B21: 03 | D21: =-BCThuNhap_06203!D70 -> 0
A22: (+) Chi phí trích trước Increase of Accrued Expenses | B22: 04 | D22: =BCTinhHinhTaiChinh_06105!D53-BCTinhHinhTaiChinh_06105!E53-(BCTinhHinhTaiChinh_06105!D58-BCTinhHinhTaiChinh_06105!E58)+BCTinhHinhTaiChinh_06105!D71-BCTinhHinhTaiChinh_06105!E71 -> 5000000
A23: 3. Lợi nhuận từ hoạt động đầu tư trước thay đổi vốn lưu động Profit from investing activities before changes in working capital | B23: 05 | D23: =+D19+D20 -> -33061610
A24: (-) Tăng, (+) giảm đầu tư (Increase), Decrease Investments | B24: 20 | D24: =IF((BCTaiSan_06027!D26-BCTaiSan_06027!E26+D21)>0,-(BCTaiSan_06027!D26-BCTaiSan_06027!E26+D21),-(BCTaiSan_06027!D26- BCTaiSan_06027!E26+D21)) -> 0
A25: (-) Tăng, (+) giảm phải thu bán chứng khoán đầu tư (Increase), Decrease in Receivables from investments sold but not yet settled | B25: 06 | D25: =-(BCTaiSan_06027!D39-BCTaiSan_06027!E39) -> 0
A26: (-) Tăng, (+) giảm dự thu phải thu tiền lãi các khoản đầu tư (Increase), Decrease in Dividend and interest receivables | B26: 07 | D26: =-(BCTaiSan_06027!D33+BCTaiSan_06027!D36-BCTaiSan_06027!E33-BCTaiSan_06027!E36) -> 0
A27: (-) Tăng, (+) giảm các khoản phải thu khác (Increase), Decrease in other receivables | B27: 08 | D27: =-(BCTaiSan_06027!D40-BCTaiSan_06027!E40) -> 0
A28: (+) Tăng, (-) giảm vay ngắn hạn Increase, (Decrease) in Short-term Loans | B28: 09 | D28: 0
A29: (+) Tăng, (-) giảm phải trả cho người bán (Decrease), Increase in payables for securities purchased but not yet settled | B29: 10 | D29: =(BCTaiSan_06027!D44-BCTaiSan_06027!E44) -> 0
A30: (+) Tăng, (-) giảm phải trả các Đại lý phân phối Chứng chỉ quỹ, Công ty Quản lý Quỹ (Decrease)/increase in subscription and redemption fee payable to distributors and Fund Management Company | B30: 11 | D30: =(BCTaiSan_06027!D49-BCTaiSan_06027!E49) -> 0
A31: (+) Tăng, (-) giảm phải trả thu nhập cho Nhà đầu tư Increase, (Decrease) in profit distribution payables to investors | B31: 12 | D31: =+BCTaiSan_06027!D50-BCTaiSan_06027!E50 -> 0
A32: (+) Tăng, (-) giảm Thuế và các khoản phải nộp Nhà nước Increase, (Decrease) in Tax payables and obligations to the State Budget | B32: 13 | D32: =+BCTaiSan_06027!D48-BCTaiSan_06027!E48 -> 0
A33: (+) Tăng, (-) giảm phải trả cho Nhà đầu tư về mua Chứng chỉ quỹ Increase, (Decrease) in Subscription Payable to investors | B33: 14 | D33: =+[2]BCTaiSan_06027!D47-[2]BCTaiSan_06027!E47 -> 0
A34: (+) Tăng, (-) giảm phải trả cho Nhà đầu tư về mua lại Chứng chỉ quỹ Increase, (Decrease) in Redemption payable to investors | B34: 15 | D34: =+[2]BCTaiSan_06027!D46-[2]BCTaiSan_06027!E46 -> 0
A35: (+) Tăng, (-) giảm phải trả, phải nộp khác Increase, (Decrease) in Other payables | B35: 16 | D35: =+[2]BCTaiSan_06027!D51+[2]BCTaiSan_06027!D65-[2]BCTaiSan_06027!E51-[2]BCTaiSan_06027!E65 -> 0
A36: (+) Tăng, (-) giảm Phải trả dịch vụ quản lý Quỹ mở Increase, (Decrease) in Fees payable to related service providers | B36: 17 | D36: =BCTinhHinhTaiChinh_06105!D63-BCTinhHinhTaiChinh_06105!E63 -> 37000000
A37: (+) Tăng, (-) giảm Thuế Thu nhập doanh nghiệp đã nộp Increase, (Decrease) Income Tax Payment | B37: 18 | D37: 0
A38: Lưu chuyển tiền thuần từ hoạt động đầu tư (1+2+3) Net Cash flow from Investing activities | B38: 19 | D38: =+D23+D25+D26+D27+D28+D29+D30+D31+D32+D33+D34+D35+D36+D37+D24 -> 3938390
A39: II. Lưu chuyển tiền từ hoạt động tài chính Cash flow from financing activities | B39: II
A40: 1. Tiền thu từ phát hành Chứng chỉ quỹ mở Receipts from subscriptions | B40: 31 | D40: =BCKetQuaHoatDong_06028!D66 -> 50435000000
A41: 2. Tiền chi mua lại Chứng chỉ quỹ mở Payments for redemptions | B41: 32 | D41: =BCKetQuaHoatDong_06028!D67 -> 0
A42: 3. Tiền vay gốc Principal of borrowings | B42: 33 | D42: 0
A43: 4. Tiền chi trả nợ gốc vay Payment of Principal borrowings | B43: 34 | D43: 0
A44: 5. Tiền chi trả cổ tức, tiền lãi cho nhà đầu tư Dividend, profit distribution paid to investors | B44: 35 | D44: =BCKetQuaHoatDong_06028!D62 -> 0
A45: Lưu chuyển tiền thuần từ hoạt động tài chính (1+2+3-4-5) Net cash outflows from financing activities | B45: 30 | D45: =+D40+D41+D42-D43-D44 -> 50435000000
A46: III. Tăng/giảm tiền thuần trong kỳ Net Increase/Decrease in cash and cash equivalent for the period | B46: 40 | D46: =+D38+D45 -> 50438938390
A47: IV. Tiền và các khoản tương đương tiền đầu kỳ Cash and cash equivalents at the beginning of period | B47: 50 | D47: 0
A48: Tiền gửi ngân hàng đầu kỳ: Cash at bank of the beginning of period: | B48: 51 | D48: =+D49+D53+D54 -> 0
A49: -Tiền gửi ngân hàng và tương đương tiền cho hoạt động của Quỹ Cash at bank and cash equivalent for Fund's operation | B49: 52 | D49: =D50+D51+D52 -> 0
A50: Tiền gửi không kỳ hạn Demand deposit | B50: 52.1 | D50: =E58 -> 0
A51: Tiền gửi có kỳ hạn dưới ba (03) tháng Deposits with term under three (03) months | B51: 52.2 | D51: =E59 -> 0
A52: Tiền gửi ký quỹ cho hoạt động đầu tư chứng khoán phái sinh Margin account for trading derivatives | B52: 52.3 | D52: =+E60 -> 0
A53: - Tiền gửi của nhà đầu tư về mua bán chứng chỉ quỹ Cash at bank for Fund's subscription/redemption | B53: 53 | D53: =E61 -> 0
A54: - Tiền gửi phong tỏa Frozen Account | B54: 54 | D54: =E62 -> 0
A55: V. Tiền và các khoản tương đương tiền cuối kỳ Cash and cash equivalents at the end of period | B55: 55 | D55: =+D56 -> 50438938390
A56: Tiền gửi ngân hàng cuối kỳ: Cash at bank of the end of period: | B56: 56 | D56: =D57+D61+D62 -> 50438938390
A57: -Tiền gửi ngân hàng và tương đương tiền cho hoạt động của Quỹ Cash at bank and cash equivalent for Fund's operation | B57: 57 | D57: =+D58+D59+D60 -> 50438938390
A58: Tiền gửi không kỳ hạn Demand deposit | B58: 57.1 | D58: =BCTaiSan_06027!D24 -> 50438938390
A59: Tiền gửi có kỳ hạn dưới ba (03) tháng Deposits with term under three (03) months | B59: 57.2 | D59: =+BCTaiSan_06027!D25 -> 0 | G59: =+D63-D46 -> 0
A60: Tiền gửi ký quỹ cho hoạt động đầu tư chứng khoán phái sinh Margin account for trading derivatives | B60: 57.3 | D60: 0
A61: - Tiền gửi của nhà đầu tư về mua bán chứng chỉ quỹ Cash at bank for Fund's subscription and redemption | B61: 58 | D61: =BCTaiSan_06027!D23+BCTaiSan_06027!D22 -> 0
A62: - Tiền gửi phong tỏa Frozen Account | B62: 59 | D62: 0
A63: VI. Thay đổi Tiền và các khoản tương đương tiền trong kỳ Changes in cash and cash equivalents in the period | B63: 60 | D63: =+D56-D48 -> 50438938390
A64: Khác Others | B64: 80 | D64: 0 | E64: 0
A66: Người lập | D66: Người duyệt
A76: Phạm Thị Minh Huệ | C76: Hà Thị Tuyết Nhung | E76: Nguyễn Lê Đình Quang
A77: Kế toán | C77: Kế toán trưởng | E77: Tổng Giám Đốc

Sheet BCTaiSan_06027
A1: Phụ lục XXVI. Mẫu báo cáo về hoạt động của Quỹ Appendix XXVI. Report on Fund's Operation | H1: ok
A2: (Ban hành kèm theo Thông tư số 98/2020/TT-BTC ngày 16 tháng 11 năm 2020 của Bộ trưởng Bộ Tài Chính về hướng dẫn hoạt động và quản lý quỹ đầu tư chứng khoán (Issued in association with Circular 98/2020/TT-BTC dated 16 November 2020 of the Minister of Finance on guiding the operation and management of the securities investment funds
A3: BÁO CÁO HOẠT ĐỘNG ĐẦU TƯ CỦA QUỸ MỞ REPORT ON FUND'S INVESTMENT ACTIVITIES
A5: =BCTinhHinhTaiChinh_06105!A5 -> Tại 31 tháng 12 năm 2022/As at 31 December 2022
A7: Tên Quỹ: | C7: Quỹ Đầu Tư Trái Phiếu Lighthouse
A8: Fund name: | C8: Lighthouse Capital Bond Fund (LHBF)
A9: Tên Công ty quản lý quỹ: | C9: Công Ty Cổ Phần Quản Lý Quỹ Đầu Tư Lighthouse
A10: Fund Management Company: | C10: Lighthouse Capital Fund Management Joint Stock Company
A11: Tên ngân hàng giám sát: | C11: Ngân hàng TMCP Đầu tư và Phát triển Việt Nam CN Nam Kỳ Khởi Nghĩa
A12: Supervising bank: | C12: Bank for Investment and Development of VietNam JSC - Nam Ky Khoi Nghia Branch
A13: Ngày lập báo cáo: | C13: =BCThuNhap_06203!B13 -> Ngày 10 tháng 03 năm 2023
A14: Reporting Date: | C14: =BCThuNhap_06203!B14 -> 44995
A15: A. | B15: BÁO CÁO CHUNG VỀ HOẠT ĐỘNG ĐẦU TƯ CỦA QUỸ/GENERAL INFORMATION ON FUND'S INVESTMENT ACTIVITIES
A16: I | B16: BÁO CÁO TÀI SẢN CỦA QUỸ / ASSET REPORT
A17: STT No | B17: Nội dung Indicator | C17: Mã chỉ tiêu Code | D17: =BCTinhHinhTaiChinh_06105!D16 -> Ngày 31 tháng 12 năm 2022 As at 31 December 2022 | E17: =BCTinhHinhTaiChinh_06105!E16 -> Ngày 31 tháng 12 năm 2021 As at 31 December 2021 | F17: %/cùng kỳ năm trước %/against last year | K17: Ngày 30 tháng 04 năm 2018 As at 30 Apr 2018
A18: I | B18: TÀI SẢN ASSETS | C18: 2200 | K18: 0
A19: I.1 | B19: Tiền và các khoản tương đương tiền Cash and Cash Equivalents | C19: 2201 | D19: 50438938390 | K19: 18924296298
B20: Tiền Cash | C20: 2202 | D20: 0 | K20: 0
B21: Tiền gửi ngân hàng Cash at Bank | C21: 2203 | D21: 50438938390 | K21: 10834088082
B22: Tiền gửi của nhà đầu tư cho hoạt động mua chứng chỉ quỹ Cash at bank for Fund's subscription | C22: 2203.1 | D22: 0
B23: Tiền phải trả cho Nhà đầu tư về mua lại chứng chỉ quỹ Cash at bank for Fund's redemption | C23: 2203.2 | D23: 0
B24: Tiền gửi ngân hàng cho hoạt động của Quỹ Cash at bank for Fund's operation | C24: 2203.3 | D24: 50438938390
B25: Các khoản tương đương tiền Cash Equivalents | C25: 2204 | D25: 0 | K25: 8090208216
A26: I.2 | B26: Các khoản đầu tư (kê chi tiết) Investments | C26: 2205 | D26: 0 | K26: 54380270000
B27: Cổ phiếu niêm yết Listed shares | C27: 2205.01 | D27: 0 | K27: 54104270000
B28: Cổ phiếu chưa niêm yết Unlisted shares | C28: 2205.02 | D28: 0 | K28: 0
B29: Trái phiếu Bonds | C29: 2205.03 | D29: 0 | K29: 0
B30: Hợp đồng tiền gửi có kỳ hạn quá ba (03) tháng Deposit with term over three (03) months | C30: 2205.04 | D30: 0 | K30: 0
B31: Chứng chỉ tiền gửi ghi danh Registered Deposit Certificate | C31: 2205.05 | D31: 0 | K31: 0
B32: Quyền mua chứng khoán Investments - Rights | C32: 2205.06 | D32: 0 | K32: 276000000
A33: I.3 | B33: Cổ tức, trái tức được nhận Dividend, Coupon Receivables | C33: 2206 | D33: 0 | K33: 182000000
B34: Cổ tức được nhận Dividend receivables | C34: 2206.1 | D34: 0
B35: Trái tức được nhận Coupon Receivables | C35: 2206.2 | D35: 0
A36: I.4 | B36: Lãi được nhận Interest Receivables | C36: 2207 | D36: 0 | K36: 31954902
B37: Phải thu lãi tiền gửi có kỳ hạn Interest receivable from term deposit | C37: 2207.1 | D37: 0 | K37: 31954902
B38: Phải thu lãi chứng chỉ tiền gửi ghi danh Interest receivable from registered Deposit Certificate | C38: 2207.2 | D38: 0 | K38: 0
A39: I.5 | B39: Tiền bán chứng khoán chờ thu Securities Trading Receivables | C39: 2208 | D39: 0 | K39: 838678093
A40: I.6 | B40: Các khoản phải thu khác Other Receivables | C40: 2210 | D40: 0 | K40: 0
A41: I.7 | B41: Các tài sản khác Other Assets | C41: 2211 | D41: 0 | H41: checking | K41: 0
A42: I.8 | B42: TỔNG TÀI SẢN TOTAL ASSETS | C42: 2212 | D42: 50438938390 | H42: 77161857907 | I42: 76787550493 | K42: 74357199293
A43: II | B43: Nợ Liability | C43: 2213 | D43: 0 | H43: 0 | I43: 0 | K43: 0
A44: II.1 | B44: Tiền phải thanh toán mua chứng khoán Securities Trading Payables | C44: 2214 | D44: 0 | K44: 830644100
A45: II.2 | B45: Các khoản phải trả khác Other Payables | C45: 2215 | D45: 42000000 | K45: 171396702
B46: Phải trả cho Nhà đầu tư về mua lại Chứng chỉ quỹ Net Redemption Payables | C46: 2215.01 | D46: 0 | K46: 0
B47: Phải trả cho Nhà đầu tư về mua Chứng chỉ quỹ Subscription Suspense Payable | C47: 2215.02 | D47: 0 | K47: 0
B48: Thuế và các khoản phải nộp Nhà nước Taxes Payables | C48: 2215.03 | D48: 0 | K48: 0
B49: Phải trả phí phát hành, mua lại chứng chỉ quỹ cho Đại lý phân phối và Công ty quản lý quỹ Subscription and Redemption fee payable to distributors and Fund Management Company | C49: 2215.04 | D49: 0 | K49: 250000
B50: Phải trả thu nhập cho nhà đầu tư Income payable to investors | C50: 2215.05 | D50: 0 | K50: 0
B51: Phải trả thù lao ban đại diện quỹ Remuneration Payable to Fund's Board of Representatives | C51: 2215.06 | D51: 0 | K51: 6000000
B52: Phải trả công ty quản lý quỹ Management fee payable | C52: 2215.07 | D52: 0 | K52: 56533209
B53: Phải trả phí lưu ký - bảo quản tài sản Custodian fee payable | C53: 2215.08 | D53: 15000000 | K53: 10750000
B54: Phải trả phí quản trị quỹ Fund Administration fee payable | C54: 2215.09 | D54: 16500000 | K54: 11180000
B55: Phải trả phí giám sát Supervisory service fee payable | C55: 2215.10 | D55: 5500000 | K55: 19565000
B56: Phải trả phí giao dịch chứng khoán Custodian service - Transaction fee Payables | C56: 2215.11 | D56: 0 | K56: 13050000
B57: Phải trả phí dịch vụ đại lý chuyển nhượng Transfer Agency fee payable | C57: 2215.12 | D57: 0 | K57: 11000000
... B64: Phải trả phí thường niên Annual Fee Payables | C64: 2215.19 | D64: 5000000 | K64: 3287671
B65: Phải trả khác Other payable | C65: 2215.20 | D65: 0 | H65: 190555733 | I65: 293612600 | K65: 0
A66: II.3 | B66: TỔNG NỢ TOTAL LIABILITIES | C66: 2216 | D66: 42000000 | H66: 0 | I66: 0 | K66: 1002040802
B67: Tài sản ròng của Quỹ ( = I.8 - II.3) Net Asset Value ( = I.8 - II.3) | C67: 2217 | D67: 50396938390 | H67: 76971302174 | I67: 76493937893 | K67: 73355158491
B68: Tổng số chứng chỉ quỹ đang lưu hành Total Outstanding Fund Certificates | C68: 2218 | D68: 5043500 | H68: 0 | I68: 0 | K68: 6359254.6
B69: Giá trị tài sản ròng trên một đơn vị quỹ Net Asset Value per Fund Certificate | C69: 2219 | D69: 9992.45 | H69: 12110.62 | I69: 12035.51 | K69: 11535.18
H70: 0 | I70: 0
A72: Đại diện có thẩm quyền của Ngân hàng giám sát | D72: Đại diện có thẩm quyền của Công ty quản lý Quỹ
A73: Authorised Representative of Supervisory Bank | D73: Authorised Representative of Fund Management Company
A83: Ngân hàng TMCP Đầu tư và Phát triển Việt Nam CN Nam Kỳ Khởi Nghĩa | D83: Công Ty Cổ Phần Quản Lý Quỹ Đầu Tư Lighthouse
A84: Hoàng Văn Sơn | D84: Nguyễn Lê Đình Quang
A85: Phó Giám Đốc | D85: Tổng Giám Đốc

Sheet BCKetQuaHoatDong_06028
A1: Phụ lục XXVI. Mẫu báo cáo về hoạt động của Quỹ Appendix XXVI. Report on Fund's Operation
A2: (Ban hành kèm theo Thông tư số 98/2020/TT-BTC ngày 16 tháng 11 năm 2020 của Bộ trưởng Bộ Tài Chính về hướng dẫn hoạt động và quản lý quỹ đầu tư chứng khoán (Issued in association with Circular 98/2020/TT-BTC dated 16 November 2020 of the Minister of Finance on guiding the operation and management of the securities investment funds
A3: BÁO CÁO HOẠT ĐỘNG ĐẦU TƯ CỦA QuỸ MỞ REPORT ON FUND'S INVESTMENT ACTIVITIES
A5: =BCThuNhap_06203!A5 -> Năm 2022/ Year 2022
A7: Tên Quỹ: | C7: Quỹ Đầu Tư Trái Phiếu Lighthouse
A8: Fund name: | C8: Lighthouse Capital Bond Fund (LHBF)
A9: Tên Công ty quản lý quỹ: | C9: Công Ty Cổ Phần Quản Lý Quỹ Đầu Tư Lighthouse
A10: Fund Management Company: | C10: Lighthouse Capital Fund Management Joint Stock Company
A11: Tên ngân hàng giám sát: | C11: Ngân hàng TMCP Đầu tư và Phát triển Việt Nam Chi nhánh Nam Kỳ Khởi Nghĩa
A12: Supervising bank: | C12: Bank for Investment and Development of VietNam JSC - Nam Ky Khoi Nghia Branch
A13: Ngày lập báo cáo: | C13: =BCThuNhap_06203!B13 -> Ngày 10 tháng 03 năm 2023
A14: Reporting Date: | C14: =BCThuNhap_06203!B14 -> 44995
A15: A. | B15: BÁO CÁO CHUNG VỀ HOẠT ĐỘNG ĐẦU TƯ CỦA QUỸ/GENERAL INFORMATION ON FUND'S INVESTMENT ACTIVITIES
A16: II | B16: BÁO CÁO KẾT QUẢ HOẠT ĐỘNG / PROFIT AND LOSS REPORT
A17: STT No | B17: Chỉ tiêu Indicator | C17: Mã chỉ tiêu Code | D17: Năm 2022 Year 2022 | E17: Năm 2021 Year 2021 | F17: Lũy kế từ đầu năm Accumulated from beginning of year
A18: I | B18: Thu nhập từ hoạt động đầu tư Income from Investment Activities | C18: 2220 | D18: 3938390 | F18: 3938390 | P18: 2220
A19: 1 | B19: Cổ tức, trái tức được nhận Dividend, Coupon received | C19: 2221 | D19: 0 | F19: 0 | P19: 2221
B20: Cổ tức được nhận Dividend received | C20: 2221.1 | D20: 0 | F20: 0
B21: Trái tức được nhận Coupon received | C21: 2221.2 | D21: 0 | F21: 0
A22: 2 | B22: Lãi được nhận Income from Interest | C22: 2222 | D22: 3938390 | F22: 3938390 | P22: 2222
A23: 3 | B23: Các khoản thu nhập khác Other income | C23: 2223 | D23: 0 | F23: 0 | P23: 2223
A24: II | B24: Chi phí Expense | C24: 2224 | D24: 42000000 | F24: 42000000 | P24: 2224
A25: 1 | B25: Chi phí quản lý trả cho Công ty quản lý quỹ Management Fee paid to Fund Management Company | C25: 2225 | D25: 0 | F25: 0 | P25: 2225
A26: 2 | B26: Chi phí lưu ký, giám sát trả cho Ngân hàng Giám sát/VSD Custody fee, Supervising fee paid to Supervising Bank/VSD | C26: 2226 | D26: 20500000 | F26: 20500000 | P26: 2226
B27: Phí dịch vụ lưu ký - bảo quản tài sản Custodian service - Custody Fee | C27: 2226.1 | D27: 15000000 | F27: 15000000 | P27: 2226.1
B28: Phí dịch vụ lưu ký - giao dịch chứng khoán Custodian service - Transaction fee | C28: 2226.2 | D28: 0 | F28: 0 | P28: 2226.2
B29: Phí dịch vụ lưu ký tại VSD Custodian fee at VSD | C29: 2226.3 | D29: 0 | F29: 0 | P29: 2226.3
B30: Phí giám sát Supervisory fee | C30: 2226.4 | D30: 5500000 | F30: 5500000 | P30: 2226.4
A31: 3 | B31: Chi phí dịch vụ quản trị quỹ, chi phí dịch vụ đại lý chuyển nhượng và các chi phí khác mà công ty quản lý quỹ trả cho tổ chức cung cấp dịch vụ có liên quan Fund Administration Fee, Transfer Agency Fee, and other fee paid to relevant Fund's service providers | C31: 2227 | D31: 16500000 | F31: 16500000 | P31: 2227
B32: Chi phí dịch vụ quản trị Quỹ Fund Administration Fee | C32: 2227.1 | D32: 16500000 | F32: 16500000 | P32: 2227.1
B33: Chi phí dịch vụ Đại lý Chuyển nhượng Transfer Agency Fee | C33: 2227.2 | D33: 0 | F33: 0 | P33: 2227.2
A34: 4 | B34: Chi phí kiểm toán trả cho tổ chức kiểm toán Audit fee | C34: 2228 | D34: 0 | F34: 0 | P34: 2228
A35: 5 | B35: Chi phí dịch vụ tư vấn pháp lý, dịch vụ báo giá và các dịch vụ hợp lý khác, thù lao trả cho ban đại diện quỹ Legal consultancy expenses, price quotation fee, other valid expenses, remuneration payable to fund representative board | C35: 2229 | D35: 0 | F35: 0 | P35: 2229
B36: Thù lao ban đại diện Quỹ Remuneration of Fund's Board of Representatives | C36: 2229.1 | D36: 0 | F36: 0 | P36: 2229.1
B37: Chi phí cung cấp báo giá chứng khoán Price feed fee Expenses | C37: 2229.2 | D37: 0 | F37: 0 | P37: 2229.2
A38: 6 | B38: Chi phí dự thảo, in ấn, gửi bản cáo bạch, bản cáo bạch tóm tắt, báo cáo tài chính, xác nhận giao dịch, sao kê tài khoản và các tài liệu khác cho nhà đầu tư; chi phí công bố thông tin của quỹ; chi phí tổ chức họp đại hội nhà đầu tư, ban đại diện quỹ Fee for drafting, printing, distribution of prospectus, summarised propectus, financial statements, transaction confirmations, account statements and other documents to investors; information disclosure fee; fee for organising annual general meeting, board of representatives meeting | C38: 2230 | D38: 0 | F38: 0 | P38: 2230
B39: Chi phí họp Đại hội Quỹ Meeting expense | C39: 2230.1 | D39: 0 | F39: 0 | P39: 2230.1
B40: Phí báo cáo thường niên Annual report expense | C40: 2230.2 | D40: 0 | F40: 0 | P40: 2230.2
B41: Chi phí họp, công tác của ban đại diện Fund's Board of Representatives meeting, travelling expense | C41: 2230.3 | D41: 0 | F41: 0 | P41: 2230.3
B42: Chi phí công bố thông tin của Quỹ Expenses for information disclosure of the Fund | C42: 2230.4 | D42: 0 | F42: 0 | P42: 2230.4
B43: Phí thiết kế, in ấn, gửi thư….. Designing, printing, posting…expenses | C43: 2230.5 | D43: 0 | F43: 0
A44: 7 | B44: Chi phí liên quan đến thực hiện các giao dịch tài sản của quỹ Expenses related to execution of fund’s asset transactions | C44: 2231 | D44: 0 | F44: 0 | P44: 2231
B45: Chi phí môi giới Brokerage fee expense | C45: 2231.1 | D45: 0 | F45: 0 | P45: 2231.1
B46: Chi phí thanh toán bù trừ Clearing settlement fee | C46: 2231.2 | D46: 0 | F46: 0 | P46: 2231.2
B47: Chi phí khác Other Expenses | C47: 2231.3 | D47: 0 | F47: 0
A48: 8 | B48: Các loại chi phí khác Other expenses | C48: 2232 | D48: 5000000 | F48: 5000000 | P48: 2232
B49: Chi phí thiết lập Quỹ Set up Expenses | C49: 2232.1 | D49: 0 | F49: 0 | P49: 2232.1
B50: Phí niêm yết Listing fee expenses | C50: 2232.2 | D50: 0 | F50: 0 | P50: 2232.2
B51: Phí quản lý thường niên Annual fee Expenses | C51: 2232.3 | D51: 5000000 | F51: 5000000 | P51: 2232.3
B52: Phí ngân hàng Bank charges | C52: 2232.4 | D52: 0 | F52: 0 | P52: 2232.4
B53: Phí thực hiện quyền trả cho VSD Payables to VSD for getting the list of investors | C53: 2232.5 | D53: 0 | F53: 0
B54: Chi phí khác Other Expenses | C54: 2232.6 | D54: 0 | F54: 0 | P54: 2232.5
A55: III | B55: Thu nhập ròng từ hoạt động đầu tư ( = I - II) Net Income from Investment Activities ( = I - II) | C55: 2233 | D55: -38061610 | F55: -38061610 | P55: 2233
A56: IV | B56: Lãi (lỗ) từ hoạt động đầu tư Gain / (Loss) from Investment Activities | C56: 2234 | D56: 0 | F56: 0 | P56: 2234
A57: 1 | B57: Lãi (lỗ) thực tế phát sinh từ hoạt động đầu tư Realised Gain / (Loss) from disposal of investment | C57: 2235 | D57: 0 | F57: 0 | P57: 2235
A58: 2 | B58: Thay đổi về giá trị của các khoản đầu tư trong kỳ Unrealised Gain / (Loss) due to market price | C58: 2236 | D58: 0 | F58: 0 | G58: checking | P58: 2236
A59: V | B59: Thay đổi của giá trị tài sản ròng của Quỹ do các hoạt động đầu tư trong kỳ (III + IV) Change of Net Asset Value of the Fund due to investment activities during the period ( = III + IV) | C59: 2237 | D59: -38061610 | F59: -38061610 | G59: 477364281 | K59: SUB | L59: REDEMPTION | P59: 2237
A60: VI | B60: Giá trị tài sản ròng đầu kỳ Net Asset Value at the beginning of period | C60: 2238 | D60: 0 | F60: 0 | G60: 0 | J60: Tháng 1 | K60: 0 | L60: 0 | P60: 2238
A61: VII | B61: Thay đổi giá trị tài sản ròng của Quỹ trong kỳ Change of Net Asset Value of the Fund during the period | C61: 2239 | D61: =D63+D64+D65 -> 50396938390 | F61: =+F63+F64+F65 -> 50396938390 | J61: Tháng 2 | P61: 2239
B62: Trong đó: Of which: | C62: 2240 | D62: 0 | F62: 0 | J62: Tháng 3 | K62: 49750000 | L62: 0 | P62: 2240
A63: 1 | B63: Thay đổi giá trị tài sản ròng của Quỹ do các hoạt động liên quan đến đầu tư của Quỹ trong kỳ Change of Net Asset Value due to investment related activities during the period | C63: 2241 | D63: -38061610 | F63: -38061610 | J63: Tháng 4 | K63: 0 | L63: 0 | P63: 2239.1
A64: 2 | B64: Thay đổi giá trị tài sản ròng của Quỹ do việc phân phối thu nhập của Quỹ cho các nhà đầu tư trong kỳ Change of Net Asset Value due to profit distribution to investors during the period | C64: 2242 | D64: 0 | F64: 0 | J64: Tháng 5 | P64: 2239.2
A65: 3 | B65: Thay đổi giá trị tài sản ròng do phát hành thêm/mua lại chứng chỉ quỹ Change of Net Asset Value due to subscription/redemption during the period | C65: 2239.1 | D65: =D66+D67 -> 50435000000 | F65: =+F66+F67 -> 50435000000
B66: Thay đổi GTTSR do phát hành thêm Chứng chỉ Quỹ Change of Net Asset Value due to subscription during the period | C66: 2239.11 | D66: 50435000000 | F66: 50435000000 | J66: Tháng 6 | P66: 2239.3
B67: Thay đổi GTTSR do mua lại Chứng chỉ Quỹ Change of Net Asset Value due to redemption during the period | C67: 2239.22 | D67: 0 | F67: 0 | J67: Tháng 7 | P67: 2239.4
A68: VIII | B68: Giá trị tài sản ròng cuối kỳ Net Asset Value at the end of period | C68: 2243 | D68: 50396938390 | F68: 50396938390 | G68: 76971302174 | H68: 76493937893 | J68: Tháng 8 | P68: 2243
A69: IX | B69: Lợi nhuận bình quân năm (chỉ áp dụng đối với báo cáo năm) Average annual profit (only applicable to annual report) | C69: 2244 | D69: =D63 -> -38061610
B70: Tỷ suất lợi nhuận bình quân năm (chỉ áp dụng đối với báo cáo năm) Average annual rate of return (only applicable to annual report) | C70: 2245 | D70: =+D69/Khac_06030!F18 -> -0.00075523655
G71: 0 | H71: 0 | J71: Tháng 9
J72: Tháng 10
A73: Đại diện có thẩm quyền của Ngân hàng giám sát | D73: Đại diện có thẩm quyền của Công ty quản lý Quỹ | G73: 0 | J73: Tháng 11
A74: Authorised Representative of Supervisory Bank | D74: Authorised Representative of Fund Management Company | J74: Tháng 12
J75: Total | K75: 49750000 | L75: 0
A85: NH TMCP Đầu tư và Phát triển Việt Nam CN Nam Kỳ Khởi Nghĩa | D85: Công Ty Cổ Phần Quản Lý Quỹ Đầu Tư Lighthouse
A86: Hoàng Văn Sơn | D86: Nguyễn Lê Đình Quang
A87: Phó giám đốc chi nhánh | D87: Tổng Giám Đốc

Sheet BCDanhMucDauTu_06029
A1: Phụ lục XXVI. Mẫu báo cáo về hoạt động của Quỹ Appendix XXVI. Report on Fund's Operation
A2: (Ban hành kèm theo Thông tư số 98/2020/TT-BTC ngày 16 tháng 11 năm 2020 của Bộ trưởng Bộ Tài Chính về hướng dẫn hoạt động và quản lý quỹ đầu tư chứng khoán (Issued in association with Circular 98/2020/TT-BTC dated 16 November 2020 of the Minister of Finance on guiding the operation and management of the securities investment funds)
A3: BÁO CÁO HOẠT ĐỘNG ĐẦU TƯ CỦA QUỸ MỞ REPORT ON FUND'S INVESTMENT ACTIVITIES
A5: =BCTinhHinhTaiChinh_06105!A5 -> Tại 31 tháng 12 năm 2022/As at 31 December 2022
A7: Tên Quỹ: | C7: Quỹ Đầu Tư Trái Phiếu Lighthouse
A8: Fund name: | C8: Lighthouse Capital Bond Fund (LHBF)
A9: Tên Công ty quản lý quỹ: | C9: Công Ty Cổ Phần Quản Lý Quỹ Đầu Tư Lighthouse
A10: Fund Management Company: | C10: Lighthouse Capital Fund Management Joint Stock Company
A11: Tên ngân hàng giám sát: | C11: Ngân hàng TMCP Đầu tư và Phát triển Việt Nam Chi nhánh Nam Kỳ Khởi Nghĩa
A12: Supervising bank: | C12: Bank for Investment and Development of VietNam JSC - Nam Ky Khoi Nghia Branch
A13: Ngày lập báo cáo: | C13: =BCThuNhap_06203!B13 -> Ngày 10 tháng 03 năm 2023
A14: Reporting Date: | C14: =BCThuNhap_06203!B14 -> 44995
A15: A. | B15: BÁO CÁO CHUNG VỀ HOẠT ĐỘNG ĐẦU TƯ CỦA QUỸ/GENERAL INFORMATION ON FUND'S INVESTMENT ACTIVITIES
A16: III | B16: BÁO CÁO VỀ TÌNH HÌNH DANH MỤC ĐẦU TƯ CỦA QUỸ / INVESTMENT PORTFOLIO REPORT
A17: STT/No. | B17: Loại Category | C17: Mã chỉ tiêu Code | D17: Số Lượng Quantity | E17: Giá thị trường hoặc giá trị hợp lý tại ngày báo cáo Market price | F17: Tổng giá trị (Đồng) Value (VND) | G17: Tỷ lệ % Tổng giá trị tài sản của Quỹ % of total asset
A18: I | B18: CỔ PHIẾU NIÊM YẾT LISTED EQUITY | C18: 2246
B19: TỔNG TOTAL | C19: 2247 | D19: 0 | F19: 0 | G19: =+F19/$F$52 -> 0
A20: II | B20: CỔ PHIẾU CHƯA NIÊM YẾT UNLISTED EQUITY | C20: 2248
B21: TỔNG TOTAL | C21: 2249 | D21: 0 | F21: 0 | G21: 0
B22: TỔNG CÁC LOẠI CỔ PHIẾU TOTAL | C22: 2250 | D22: =D19 -> 0 | F22: =F19 -> 0 | G22: =+F22/$F$52 -> 0
A23: III | B23: TRÁI PHIẾU BONDS | C23: 2251
A24: 1 | B24: Trái phiếu niêm yết Listed bond | C24: 2251.1
B25: MSN12003 8.725% 12/05/2023 | C25: 2251.1.1 | G25: =+F25/$F$52 -> 0
B26: KBC121020 10.8% 24/06/2023 | C26: 2251.1.2 | G26: =+F26/$F$52 -> 0
B27: SBT121002 10.80% 26/01/2024 | C27: 2251.1.3 | G27: =+F27/$F$52 -> 0
B28: VIC121005 9.625% 11/03/2024 | C28: 2251.1.4 | G28: =+F28/$F$52 -> 0
C29: 2251.1.5
A30: 2 | B30: Trái phiếu chưa niêm yết Unlisted bond | C30: 2251.2
B31: TP.PDRH2123002 13% 28/04/2023 | C31: 2251.21 | D31: 0 | E31: 0 | F31: 0 | G31: =+F31/$F$52 -> 0
B32: TỔNG TOTAL | C32: 2252 | D32: =SUM(D25:D31) -> 0 | F32: =SUM(F25:F31) -> 0 | G32: =+F32/$F$52 -> 0
A33: IV | B33: CÁC LOẠI CHỨNG KHOÁN KHÁC OTHER SECURITIES | C33: 2253
A34: 1 | B34: Quyền mua Rights | C34: 2253.1
B35: TỔNG TOTAL | C35: 2254
B36: TỔNG CÁC LOẠI CHỨNG KHOÁN SECURITIES INVESTMENT TOTAL | C36: 2255 | D36: =+D22+D32+D35 -> 0 | F36: =+F22+F32+F35 -> 0 | G36: =+F36/$F$52 -> 0
A37: V | B37: CÁC TÀI SẢN KHÁC OTHER ASSETS | C37: 2256
A38: 1 | B38: Cổ tức được nhận Dividend receivables | C38: 2256.1 | F38: 0 | G38: =+F38/$F$52 -> 0
A39: 2 | B39: Lãi trái phiếu được nhận Coupon receivables | C39: 2256.2 | F39: =BCTaiSan_06027!D35 -> 0 | G39: =+F39/$F$52 -> 0
A40: 3 | B40: Lãi tiền gửi được nhận Interest receivables from deposits | C40: 2256.3 | F40: =BCTaiSan_06027!D37 -> 0 | G40: =+F40/$F$52 -> 0
A41: 4 | B41: Phải thu lãi chứng chỉ tiền gửi ghi danh Interest receivable from registered Deposit Certificate | C41: 2256.4 | F41: =BCTaiSan_06027!D38 -> 0 | G41: =+F41/$F$52 -> 0 | I41: Tach lai CD va TD
A42: 5 | B42: Tiền bán chứng khoán chờ thu Outstanding Settlement of sales transactions | C42: 2256.5 | F42: 0 | G42: =+F42/$F$52 -> 0
A43: 6 | B43: Phải thu khác Other receivables | C43: 2256.6 | F43: 0 | G43: 0
A44: 7 | B44: Tài sản khác Other investments | C44: 2256.7 | G44: 0
B45: TỔNG TOTAL | C45: 2257 | F45: =SUM(F38:F44) -> 0 | G45: =+F45/$F$52 -> 0
A46: VI | B46: TIỀN CASH | C46: 2258
A47: 1 | B47: Tiền, tương đương tiền Cash, Cash Equivalents | C47: 2259 | F47: =BCTaiSan_06027!D19 -> 50438938390 | G47: =+F47/$F$52 -> 1
A48: 2 | B48: Tiền gửi ngân hàng có kỳ hạn trên 03 tháng Deposits with term over three (03) months | C48: 2260 | F48: =BCTaiSan_06027!D30 -> 0 | G48: =+F48/$F$52 -> 0
A49: 3 | B49: Chứng chỉ tiền gửi Certificate of deposit | C49: 2261 | F49: =BCTaiSan_06027!D31 -> 0 | G49: =F49/F52 -> 0
A50: 4 | B50: Công cụ chuyển nhượng… Registered certificate of deposit | C50: 2262 | F50: 0 | G50: 0
B51: TỔNG TOTAL | C51: 2263 | F51: =SUM(F47:F50) -> 50438938390 | G51: =+F51/$F$52 -> 1
A52: VII | B52: Tổng giá trị danh mục Total value of portfolio | C52: 2264 | F52: =+F51+F45+F36 -> 50438938390 | G52: =+G51+G45+G36 -> 1 | I52: checking
I53: 77161857907
I54: 0
A55: Đại diện có thẩm quyền của Ngân hàng giám sát | E55: Đại diện có thẩm quyền của Công ty quản lý Quỹ
A56: Authorised Representative of Supervisory Bank | E56: Authorised Representative of Fund Management Company
A68: NH TMCP Đầu tư và Phát triển Việt Nam CN Nam Kỳ Khởi Nghĩa | E68: Công Ty Cổ Phần Quản Lý Quỹ Đầu Tư Lighthouse
A69: Hoàng Văn Sơn | E69: Nguyễn Lê Đình Quang
A70: Phó giám đốc chi nhánh | E70: Tổng Giám Đốc

Sheet BCHoatDongVay_06026
A1: Phụ lục XXVI. Mẫu báo cáo về hoạt động của Quỹ Appendix XXVI. Report on Fund's Operation
A2: (Ban hành kèm theo Thông tư số 98/2020/TT-BTC ngày 16 tháng 11 năm 2020 của Bộ trưởng Bộ Tài Chính về hướng dẫn hoạt động và quản lý quỹ đầu tư chứng khoán (Issued in association with Circular 98/2020/TT-BTC dated 16 November 2020 of the Minister of Finance on guiding the operation and management of the securities investment funds)
A3: BÁO CÁO HOẠT ĐỘNG ĐẦU TƯ CỦA QUỸ MỞ REPORT ON FUND'S INVESTMENT ACTIVITIES
A4: =BCThuNhap_06203!A5 -> Năm 2022/ Year 2022
A6: Tên Quỹ: | G6: Quỹ Đầu Tư Trái Phiếu Lighthouse
A7: Fund name: | G7: Lighthouse Capital Bond Fund (LHBF)
A8: Tên Công ty quản lý quỹ: | G8: Công Ty Cổ Phần Quản Lý Quỹ Đầu Tư Lighthouse
A9: Fund Management Company: | G9: Lighthouse Capital Fund Management Joint Stock Company
A10: Tên ngân hàng giám sát: | G10: Ngân hàng TMCP Đầu tư và Phát triển Việt Nam Chi nhánh Nam Kỳ Khởi Nghĩa
A11: Supervising bank: | G11: Bank for Investment and Development of VietNam JSC - Nam Ky Khoi Nghia Branch
A12: Ngày lập báo cáo: | G12: =BCThuNhap_06203!B13 -> Ngày 10 tháng 03 năm 2023
A13: Reporting Date: | G13: =BCThuNhap_06203!B14 -> 44995
A14: A. | B14: BÁO CÁO CHUNG VỀ HOẠT ĐỘNG ĐẦU TƯ CỦA QUỸ/GENERAL INFORMATION ON FUND'S INVESTMENT ACTIVITIES
A15: IV | B15: BÁO CÁO HOẠT ĐỘNG VAY, GIAO DỊCH MUA BÁN LẠI / REPORT ON BORROWING OPERATION, REPO/REVERSE REPO TRANSACTIONS
A16: STT No. | B16: Nội dung hoạt động (nêu chi tiết theo mục tiêu và đối tác) Description | C16: Mã chỉ tiêu Code | D16: Đối tác Counterparty | E16: Mục tiêu/Tài sản đảm bảo Collateral | F16: Kỳ hạn Term | G16: Giá trị khoản vay hoặc khoản cho vay Amount | H16: Thời điểm giao dịch As at transaction date | J16: Thời điểm báo cáo As at reporting date
H17: Ngày tháng năm Date | I17: Tỷ lệ giá trị hợp đồng/giá trị tài sản ròng của quỹ Balance/NAV | J17: Ngày tháng năm Date | K17: Tỷ lệ giá trị hợp đồng/giá trị tài sản ròng của quỹ Balance/NAV
A18: 1 | B18: Các khoản vay tiền (nêu chi tiết từng hợp đồng) Borrowings (detail by each contract) | C18: 2287
A19: I | B19: Tổng giá trị các khoản vay tiền/giá trị tài sản ròng Borrowings/NAV | C19: 2288
A20: 2 | B20: Hợp đồng Repo (nêu chi tiết từng hợp đồng) Repo contract (detail by each contract) | C20: 2289
A21: II | B21: Tổng giá trị các hợp đồng Repo/giá trị tài sản ròng Total value of Repo contracts/NAV | C21: 2290
A22: A | B22: Tổng giá trị các khoản vay/giá trị tài sản ròng (=I+II) Total Borrowings, Repo/NAV (=I+II) | C22: 2291
A23: 3 | B23: Cho vay chứng khoán (nêu chi tiết từng hợp đồng) Securities lending (detail by each contract) | C23: 2292
A24: III | B24: Tổng giá trị các hợp đồng/giá trị tài sản ròng Total contract value/NAV | C24: 2293
A25: 4 | B25: Hợp đồng Reverse Repo (nêu chi tiết từng hợp đồng) Reverse Repo contract (Detail by each contract) | C25: 2295
A26: IV | B26: Tổng giá trị các hợp đồng/giá trị tài sản ròng Total contract value/NAV | C26: 2296
A27: B | B27: Tổng giá trị các khoản cho vay/giá trị tài sản ròng (=III + IV) Total Loans/NAV (=III + IV) | C27: 2297
A30: * Ghi chú: kỳ báo cáo không phát sinh
A32: Đại diện có thẩm quyền của Ngân hàng giám sát | I32: Đại diện có thẩm quyền của Công ty quản lý Quỹ
A33: Authorised Representative of Supervisory Bank | I33: Authorised Representative of Fund Management Company
A44: Ngân hàng TMCP Đầu tư và Phát triển Việt Nam Chi nhánh Nam Kỳ Khởi Nghĩa | I44: Công Ty Cổ Phần Quản Lý Quỹ Đầu Tư Lighthouse
A45: Hoàng Văn Sơn | I45: Nguyễn Lê Đình Quang
A46: Phó giám đốc chi nhánh | I46: Tổng Giám Đốc

Sheet Khac_06030
A1: Phụ lục XXVI. Mẫu báo cáo về hoạt động của Quỹ Appendix XXVI. Report on Fund's Operation
A2: (Ban hành kèm theo Thông tư số 98/2020/TT-BTC ngày 16 tháng 11 năm 2020 của Bộ trưởng Bộ Tài Chính về hướng dẫn hoạt động và quản lý quỹ đầu tư chứng khoán (Issued in association with Circular 98/2020/TT-BTC dated 16 November 2020 of the Minister of Finance on guiding the operation and management of the securities investment funds)
A3: BÁO CÁO HOẠT ĐỘNG ĐẦU TƯ CỦA QUỸ MỞ REPORT ON FUND'S INVESTMENT ACTIVITIES
A5: =BCThuNhap_06203!A5 -> Năm 2022/ Year 2022
A7: Tên Quỹ: | C7: Quỹ Đầu Tư Trái Phiếu Lighthouse
A8: Fund name: | C8: Lighthouse Capital Bond Fund (LHBF)
A9: Tên Công ty quản lý quỹ: | C9: Công Ty Cổ Phần Quản Lý Quỹ Đầu Tư Lighthouse
A10: Fund Management Company | C10: Lighthouse Capital Fund Management Joint Stock Company
A11: Tên ngân hàng giám sát: | C11: Ngân hàng TMCP Đầu tư và Phát triển Việt Nam Chi nhánh Nam Kỳ Khởi Nghĩa
A12: Supervising bank: | C12: Bank for Investment and Development of VietNam JSC - Nam Ky Khoi Nghia Branch
A13: Ngày lập báo cáo: | C13: =BCThuNhap_06203!B13 -> Ngày 10 tháng 03 năm 2023
A14: Reporting Date: | C14: =BCThuNhap_06203!B14 -> 44995
A15: A. | B15: BÁO CÁO CHUNG VỀ HOẠT ĐỘNG ĐẦU TƯ CỦA QUỸ/GENERAL INFORMATION ON FUND'S INVESTMENT ACTIVITIES
A16: V | B16: MỘT SỐ CHỈ TIÊU KHÁC / OTHER INDICATORS
A17: STT/No. | B17: Chỉ tiêu/Indicators | C17: Mã chỉ tiêu/Code | D17: Quý IV năm 2022 Quarter IV 2022 | E17: Quý III năm 2022 Quarter III 2022
A18: I | B18: CÁC CHỈ TIÊU VỀ HIỆU QUẢ HOẠT ĐỘNG INVESTMENT PERFORMANCE INDICATORS | C18: 2264 | F18: 50396938390
A19: 1 | B19: Tỷ lệ giá dịch vụ quản lý quỹ trả cho công ty quản lý quỹ/Giá trị tài sản ròng trung bình trong kỳ (%) Management fee paid to the fund management company/Average NAV (%) | C19: 2265 | D19: =+BCKetQuaHoatDong_06028!D25*12/Khac_06030!F18 -> 0
A20: 2 | B20: Tỷ lệ giá dịch vụ lưu ký, giám sát trả cho Ngân hàng Giám sát/Giá trị tài sản ròng trung bình trong kỳ (%) Custody and supervising fees paid to the Supervisory Bank/Average NAV (%) | C20: 2266 | D20: =+BCKetQuaHoatDong_06028!D26*365/3/Khac_06030!F18 -> 0.04949044
A21: 3 | B21: Tỷ lệ chi phí dịch vụ quản trị quỹ, và các chi phí khác mà công ty quản lý quỹ trả cho tổ chức cung cấp dịch vụ có liên quan/Giá trị tài sản ròng của quỹ trung bình trong kỳ (%) Fund admin fee, and other fees paid to relating services providers by the fund management company/Average NAV (%) | C21: 22661 | D21: =+(BCKetQuaHoatDong_06028!D32+BCKetQuaHoatDong_06028!D33)*365/3/Khac_06030!F18 -> 0.039833769
A22: 4 | B22: Chi phí kiểm toán trả cho tổ chức kiểm toán (nếu phát sinh) / Giá trị tài sản ròng trung bình trong kỳ (%) Audit fee expense over average NAV ratio (%) | C22: 2267 | D22: =+BCKetQuaHoatDong_06028!D34*12/Khac_06030!F18 -> 0
A23: 5 | B23: Chi phí dịch vụ tư vấn pháp lý, dịch vụ báo giá và các dịch vụ hợp lý khác, thù lao trả cho ban đại diện quỹ / Giá trị tài sản ròng trung bình trong kỳ (%) Legal consultancy, OTC price quotation and other valid service fees; Board of Representatives' remuneration expense over average NAV ratio (%) | C23: 2268 | D23: =+BCKetQuaHoatDong_06028!D35*12/Khac_06030!F18 -> 0
A24: 6 | B24: Tỷ lệ chi phí /Giá trị tài sản ròng trung bình trong kỳ (%) Expense/Average NAV (%) | C24: 2269 | D24: =+(BCKetQuaHoatDong_06028!D24)*365/3/Khac_06030!F18 -> 0.10139505
A25: 7 | B25: Tốc độ vòng quay danh mục trong kỳ (%) = (Tổng giá trị mua vào + tổng giá trị bán ra) x 100%/ (2 x Giá trị tài sản ròng trung bình trong kỳ) Portfolio turnover rate (%) = (Total value of purchase transactions + total value of sales transactions) x 100%/ (2 x Average NAV) (**) | C25: 2270 | D25: =0*12/F18 -> 0
A26: II | B26: CÁC CHỈ TIÊU KHÁC OTHER INDICATORS | C26: 2272
A27: 1 | B27: Quy mô quỹ đầu kỳ (tính theo mệnh giá chứng chỉ quỹ) Fund scale at the beginning of the period (based on par value of fund certificate) | C27: 2273 | D27: =D28 -> 50435000000
B28: Tổng giá trị chứng chỉ quỹ đang lưu hành đầu kỳ Total value of outstanding Fund Certificate at the beginning of period | C28: 2274 | D28: =D29*10000 -> 50435000000
B29: Tổng số lượng đơn vị quỹ đang lưu hành đầu kỳ Total number of outstanding Fund Certificate at the beginning of period | C29: 2275 | D29: 5043500
A30: 2 | B30: Thay đổi quy mô quỹ trong kỳ (tính theo mệnh giá chứng chỉ quỹ) Change of Fund scale during the period (based on par value of fund certificate) | C30: 2276 | D30: =+D31*10000 -> 0
B31: Thay đổi số lượng chứng chỉ quỹ trong kỳ Change of Number of Fund Certificates during the period | C31: 2276.1 | D31: =+D33+D35 -> 0
B32: Thay đổi giá trị vốn trong kỳ (theo mệnh giá) Change in capital amount during the period (based on par value) | C32: 2276.2 | D32: =+D34+D36 -> 0
B33: Số lượng đơn vị quỹ phát hành thêm trong kỳ Number of Fund Certificates subscribed during the period | C33: 2277 | D33: 0
B34: Giá trị vốn huy động thêm trong kỳ (theo mệnh giá) Net subscription amount in period (based on par value) | C34: 2278 | D34: =+D33*10000 -> 0
B35: Số lượng đơn vị quỹ mua lại trong kỳ Number of Fund Certificates redeemed during the period | C35: 22781 | D35: 0
B36: Giá trị vốn phải thanh toán trong kỳ khi đáp ứng lệnh của nhà đầu tư (theo mệnh giá) Net redemption amount in period (based on par value) | C36: 22782 | D36: =+D35*10000 -> 0
A37: 3 | B37: Quy mô quỹ cuối kỳ (tính theo mệnh giá chứng chỉ quỹ) Fund scale at the end of the period (based on par value of fund unit) | C37: 2279 | D37: =D38 -> 50435000000
B38: Tổng giá trị chứng chỉ quỹ đang lưu hành cuối kỳ Total value of outstanding Fund Certificate at the end of the period | C38: 2280 | D38: =+D39*10000 -> 50435000000
B39: Tổng số lượng đơn vị quỹ đang lưu hành cuối kỳ Total number of outstanding Fund Certificate at the end of the period | C39: 2281 | D39: =+D29+D31 -> 5043500
A40: 4 | B40: Tỷ lệ nắm giữ chứng chỉ quỹ của công ty quản lý quỹ và người có liên quan cuối kỳ Fund Management Company and related parties' ownership ratio at the end of the period | C40: 2282
A41: 5 | B41: Tỷ lệ nắm giữ chứng chỉ quỹ của 10 nhà đầu tư lớn nhất cuối kỳ Top 10 investors' ownership ratio at the end of the period | C41: 2283 | D41: 0.994
A42: 6 | B42: Tỷ lệ nắm giữ chứng chỉ quỹ của nhà đầu tư nước ngoài cuối kỳ Foreign investors' ownership ratio at the end of the period | C42: 2284 | D42: 0
A43: 7 | B43: Giá trị tài sản ròng trên một đơn vị quỹ cuối tháng Net asset value per Fund Certificate at the end of period | C43: 2285 | D43: =BCTaiSan_06027!D69 -> 9992.45
A44: 8 | B44: Số nhà đầu tư tham gia vào quỹ, kể cả giao dịch ký danh Number of investors of the Fund at the end of the period | C44: 22841 | D44: 139
A46: Ghi chú/ Notes:
B47: Các chỉ tiêu từ 1 đến 7 của "Chỉ tiêu về hiệu quả hoạt động" cột kỳ trước đã được điều chỉnh để phản ánh số liệu trên cơ sở hoạt động tròn năm bằng cách nhân các chỉ tiêu này với 12. All Indicators starting from number 1 to 7 of "Investment performance indicators" at last period column are annualized to reflect a rate that is based on a full year operation by multiplying these indicators with 12.
A49: Đại diện có thẩm quyền của Ngân hàng giám sát | D49: Đại diện có thẩm quyền của Công ty quản lý Quỹ
A50: Authorised Representative of Supervisory Bank | D50: Authorised Representative of Fund Management Company
A62: Ngân hàng TMCP Đầu tư và Phát triển Việt Nam Chi nhánh Nam Kỳ Khởi Nghĩa | D62: Công Ty Cổ Phần Quản Lý Quỹ Đầu Tư Lighthouse
A63: Hoàng Văn Sơn | D63: Nguyễn Lê Đình Quang
A64: Phó giám đốc chi nhánh | D64: Tổng Giám Đốc

Sheet TB 30092015
E2: GENERAL LEDGER TRIAL BALANCE
E3: Fund | F3: VCAMBF | G3: VIET CAPITAL BALANCED FU Page : | H3: 1/2
A4: General Ledger Trail Balance To | E4: 31/10/2015 00:00 Currency VND | G4: DONG Report | H4: : SHJNA102
G5: 03/11/2015 10:57
E6: Nav Type Official | G6: Historical
A7: Account | B7: IFRS Suff Acc | D7: Maturity | E7: Description | G7: - - - - - - - - - - - - - Balance - - - | H7: - - - - - - - - - -
B8: Class | C8: Ccy | D8: Date | G8: Account Ccy | H8: Fund CcyVND
A9: 101100 | C9: VND | E9: Investment - Equities | F9: VND | G9: 27189959504 | H9: 27189959504
A10: 110100 | C10: VND | D10: 09/11/2015 | E10: Bank Deposits | F10: VND | G10: 5000000000 | H10: 5000000000
A11: 110100 | C11: VND | D11: 12/11/2015 | E11: Bank Deposits | F11: VND | G11: 7000000000 | H11: 7000000000
A12: 110100 | C12: VND | D12: 16/11/2015 | E12: Bank Deposits | F12: VND | G12: 4000000000 | H12: 4000000000
A13: 110100 | C13: VND | D13: 30/12/2015 | E13: Bank Deposits | F13: VND | G13: 13000000000 | H13: 13000000000
A14: 132100 | B14: 7 | C14: VND | E14: Dividend Receivable | F14: VND | G14: 112800000 | H14: 112800000
A15: 132150 | B15: 7 | C15: VND | E15: Due From Broker - Equities | F15: VND | G15: 3088160800 | H15: 3088160800
A16: 140130 | B16: 7 | C16: VND | E16: Cash in Bank STANDARD | F16: VND | G16: 6452337403 | H16: 6452337403
E17: CHARTERED BANK VIETNAM
A18: 152190 | B18: - | C18: VND | E18: Int Accrual - Deposit | F18: VND | G18: 103038889 | H18: 103038889
A19: 161100 | B19: - | C19: VND | E19: Prov Unr P/L - Equities | F19: VND | G19: -1452309804 | H19: -1452309804
A20: 161120 | B20: - | C20: VND | E20: Prov Unr P/L - Rights | F20: VND | G20: 349680000 | H20: 349680000
A21: 212150 | B21: 7 | C21: VND | E21: Due to Broker - Equity | F21: VND | G21: -1492792250 | H21: -1492792250
A22: 212222 | B22: - | C22: VND | E22: Payable WHT Tax | F22: VND | G22: -6000000 | H22: -6000000
A23: 213103 | B23: - | C23: VND | E23: Exp Accrual - Admin Fee | F23: VND | G23: -11180000 | H23: -11180000
A24: 213105 | B24: - | C24: VND | E24: Exp Accrual - Audit Fee | F24: VND | G24: -91616438 | H24: -91616438
A25: 213107 | B25: - | C25: VND | E25: Exp Accrual - Custody Fee | F25: VND | G25: -10750000 | H25: -10750000
A26: 213108 | B26: - | C26: VND | E26: Exp Accrual - Directors Fee | F26: VND | G26: -5400000 | H26: -5400000
A27: 213110 | B27: - | C27: VND | E27: Exp Accrual - Fund Svces Fee | F27: VND | G27: -19565000 | H27: -19565000
A28: 213128 | B28: - | C28: VND | E28: Exp Accrual - Transaction Fee | F28: VND | G28: -9600000 | H28: -9600000
A29: 213129 | B29: - | C29: VND | E29: Exp Accrual - Transfer Agt Fee | F29: VND | G29: -11000000 | H29: -11000000
A30: 213154 | B30: - | C30: VND | E30: Exp Accrual - Other Expense | F30: VND | G30: -8328773 | H30: -8328773
A31: 213500 | B31: - | C31: VND | E31: Exp Accrual - Management | F31: VND | G31: -47698050 | H31: -47698050
E32: Fee
A33: 301000 | B33: - | C33: VND | E33: Capital - Subscription | F33: VND | G33: -60597958652 | H33: -60597958652
A34: 302000 | B34: - | C34: VND | E34: Capital - Redemption | F34: VND | G34: 1056863400 | H34: 1056863400
A35: 303102 | B35: - | C35: VND | E35: Unit Premium Reserve | F35: VND | G35: -191086976 | H35: -191086976
A36: 390000 | B36: - | C36: VND | E36: RETAIN EARNINGS | F36: VND | G36: 567698805 | H36: 567698805
A37: 411100 | B37: - | C37: VND | E37: R/L G/P - Equities | F37: VND | G37: -7655111543 | H37: -7655111543
A38: 431100 | B38: - | C38: VND | E38: UR/L G/P - Equities | F38: VND | G38: -1.9763784e+09 | H38: -1.9763784e+09
A39: 431120 | B39: - | C39: VND | E39: UR/L G/P - Rights | F39: VND | G39: -349680000 | H39: -349680000
A40: 441100 | B40: - | C40: VND | E40: UR/L G/FX - Equities | F40: VND | G40: -0.14 | H40: -0.14
A41: 451100 | B41: - | C41: VND | E41: Dividend Income - Equities | F41: VND | G41: -1971571000 | H41: -1971571000
A42: 452190 | B42: - | C42: VND | E42: Int Income - Deposit | F42: VND | G42: -839661113 | H42: -839661113
A43: 511100 | B43: - | C43: VND | E43: R/L L/P - Equities | F43: VND | G43: 7377336200 | H43: 7377336200
A44: 553002 | B44: - | C44: VND | E44: Other Expenses | F44: VND | G44: 832700 | H44: 832700
... A57: 555167 | B57: - | C57: VND | E57: Annual Fee Expense | F57: VND | G57: 18328773 | H57: 18328773
E59: GENERAL LEDGER TRIAL BALANCE
E60: Fund | F60: VCAMBF VIET CAPITAL BALANCED FU | G60: Page : | H60: 2/2
A61: General Ledger Trail Balance To | E61: 31/10/2015 00:00 Currency VND | G61: DONG Report | H61: : SHJNA102
G62: 03/11/2015 10:57
E63: Nav Type Official | G63: Historical
A64: Account | B64: IFRS Suff Acc | D64: Maturity | E64: Description | G64: - - - - - - - - - - - - - Balance - - - | H64: - - - - - - - - - -
B65: Class | C65: Ccy | D65: Date | G65: Account Ccy | H65: Fund CcyVND
G66: Closing Balance | H66: 0
G67: Total Debits | H67: 76747687956
G68: Total Credits | H68: 76747687956
G69: Total Asset and Liabilities | H69: 63129736281
G70: Total Capital and PL | H70: -63129736281
G71: Total Off Balance | H71: 0

Sheet THU NHAP
A1: Chỉ tiêu | B1: Mã số | C1: Thuyết minh | D1: Năm N | F1: Năm N-1
D2: Kỳ này | E2: Kỳ trước | F2: Kỳ này | G2: Kỳ trước
A3: I. THU NHẬP, DOANH THU HOẠT ĐỘNG ĐẦU TƯ | B3: 01 | D3: =BCThuNhap_06203!D17 -> 3938390 | E3: =BCThuNhap_06203!#REF! -> #REF! | F3: =BCThuNhap_06203!E17 -> 0 | G3: =BCThuNhap_06203!#REF! -> #REF!
A4: 1.1. Cổ tức được chia | B4: 02 | D4: =BCThuNhap_06203!D18 -> 0 | E4: =BCThuNhap_06203!#REF! -> #REF! | F4: =BCThuNhap_06203!E18 -> 0 | G4: =BCThuNhap_06203!#REF! -> #REF!
A5: 1.2. Tiền lãi được nhận | B5: 03 | D5: =BCThuNhap_06203!D21 -> 3938390 | E5: =BCThuNhap_06203!#REF! -> #REF! | F5: =BCThuNhap_06203!E21 -> 0 | G5: =BCThuNhap_06203!#REF! -> #REF!
A6: 1.3. Lãi, lỗ bán các khoản đầu tư | B6: 04 | D6: =+VLOOKUP(B6,BCThuNhap_06203!$B$17:$D$72,3,0) -> 0 | E6: =+VLOOKUP(B6,BCThuNhap_06203!$B$17:$D$72,4,0) -> #REF! | F6: =+VLOOKUP(B6,BCThuNhap_06203!$B$17:$E$72,5,0) -> #REF! | G6: =+VLOOKUP(B6,BCThuNhap_06203!$B$17:$E$72,6,0) -> #REF!
A7: 1.4. Chênh lệch tăng, giảm đánh giá lại các khoản đầu tư chưa thực hiện | B7: 05 | D7: =+VLOOKUP(B7,BCThuNhap_06203!$B$17:$D$72,3,0) -> 0 | E7: =+VLOOKUP(B7,BCThuNhap_06203!$B$17:$D$72,4,0) -> #REF! | F7: =+VLOOKUP(B7,BCThuNhap_06203!$B$17:$E$72,5,0) -> #REF! | G7: =+VLOOKUP(B7,BCThuNhap_06203!$B$17:$E$72,6,0) -> #REF!
A8: 1.5. Doanh thu khác | B8: 06 | D8: =+VLOOKUP(B8,BCThuNhap_06203!$B$17:$D$72,3,0) -> 0 | E8: =+VLOOKUP(B8,BCThuNhap_06203!$B$17:$D$72,4,0) -> #REF! | F8: =+VLOOKUP(B8,BCThuNhap_06203!$B$17:$E$72,5,0) -> #REF! | G8: =+VLOOKUP(B8,BCThuNhap_06203!$B$17:$E$72,6,0) -> #REF!
A9: 1.6. Chênh lệch lãi, lỗ tỷ giá hối đoái đã và chưa thực hiện | B9: 07 | D9: =+VLOOKUP(B9,BCThuNhap_06203!$B$17:$D$72,3,0) -> 0 | E9: =+VLOOKUP(B9,BCThuNhap_06203!$B$17:$D$72,4,0) -> #REF! | F9: =+VLOOKUP(B9,BCThuNhap_06203!$B$17:$E$72,5,0) -> #REF! | G9: =+VLOOKUP(B9,BCThuNhap_06203!$B$17:$E$72,6,0) -> #REF!
A10: 1.7. Doanh thu khác về đầu tư | B10: 08 | D10: =+VLOOKUP(B10,BCThuNhap_06203!$B$17:$D$72,3,0) -> 0 | E10: =+VLOOKUP(B10,BCThuNhap_06203!$B$17:$D$72,4,0) -> #REF! | F10: =+VLOOKUP(B10,BCThuNhap_06203!$B$17:$E$72,5,0) -> #REF! | G10: =+VLOOKUP(B10,BCThuNhap_06203!$B$17:$E$72,6,0) -> #REF!
A11: 1.8. Dự phòng nợ phải thu và dự thu khó đòi về cổ tức, tiền lãi và xử lý tổn thất nợ phải thu khó đòi về cổ tức, tiền lãi | B11: 09 | D11: =+VLOOKUP(B11,BCThuNhap_06203!$B$17:$D$72,3,0) -> 0 | E11: =+VLOOKUP(B11,BCThuNhap_06203!$B$17:$D$72,4,0) -> #REF! | F11: =+VLOOKUP(B11,BCThuNhap_06203!$B$17:$E$72,5,0) -> #REF! | G11: =+VLOOKUP(B11,BCThuNhap_06203!$B$17:$E$72,6,0) -> #REF!
A12: II. CHI PHÍ ĐẦU TƯ | B12: 10 | D12: =+VLOOKUP(B12,BCThuNhap_06203!$B$17:$D$72,3,0) -> 0 | E12: =+VLOOKUP(B12,BCThuNhap_06203!$B$17:$D$72,4,0) -> #REF! | F12: =+VLOOKUP(B12,BCThuNhap_06203!$B$17:$E$72,5,0) -> #REF! | G12: =+VLOOKUP(B12,BCThuNhap_06203!$B$17:$E$72,6,0) -> #REF!
A13: 2.1. Chi phí giao dịch mua, bán các khoản đầu tư | B13: 11 | D13: =+VLOOKUP(B13,BCThuNhap_06203!$B$17:$D$72,3,0) -> 0 | E13: =+VLOOKUP(B13,BCThuNhap_06203!$B$17:$D$72,4,0) -> #REF! | F13: =+VLOOKUP(B13,BCThuNhap_06203!$B$17:$E$72,5,0) -> #REF! | G13: =+VLOOKUP(B13,BCThuNhap_06203!$B$17:$E$72,6,0) -> #REF!
A14: 2.2.Chi phí dự phòng nợ phải thu khó đòi và xử lý tổn thất phải thu khó đòi | B14: 12 | D14: =+VLOOKUP(B14,BCThuNhap_06203!$B$17:$D$72,3,0) -> 0 | E14: =+VLOOKUP(B14,BCThuNhap_06203!$B$17:$D$72,4,0) -> #REF! | F14: =+VLOOKUP(B14,BCThuNhap_06203!$B$17:$E$72,5,0) -> #REF! | G14: =+VLOOKUP(B14,BCThuNhap_06203!$B$17:$E$72,6,0) -> #REF!
A15: 2.3. Chi phí lãi vay | B15: 13 | D15: =+VLOOKUP(B15,BCThuNhap_06203!$B$17:$D$72,3,0) -> 0 | E15: =+VLOOKUP(B15,BCThuNhap_06203!$B$17:$D$72,4,0) -> #REF! | F15: =+VLOOKUP(B15,BCThuNhap_06203!$B$17:$E$72,5,0) -> #REF! | G15: =+VLOOKUP(B15,BCThuNhap_06203!$B$17:$E$72,6,0) -> #REF!
A16: 2.4. Chi phí dự phòng giảm giá tài sản nhận thế chấp và xử lý tổn thất các khoản đầu tư cho vay có tài sản nhận thế chấp | B16: 14 | D16: =+VLOOKUP(B16,BCThuNhap_06203!$B$17:$D$72,3,0) -> 0 | E16: =+VLOOKUP(B16,BCThuNhap_06203!$B$17:$D$72,4,0) -> #REF! | F16: =+VLOOKUP(B16,BCThuNhap_06203!$B$17:$E$72,5,0) -> #REF! | G16: =+VLOOKUP(B16,BCThuNhap_06203!$B$17:$E$72,6,0) -> #REF!
A17: 2.5.Chi phí đầu tư khác | B17: 15 | D17: =+VLOOKUP(B17,BCThuNhap_06203!$B$17:$D$72,3,0) -> 0 | E17: =+VLOOKUP(B17,BCThuNhap_06203!$B$17:$D$72,4,0) -> #REF! | F17: =+VLOOKUP(B17,BCThuNhap_06203!$B$17:$E$72,5,0) -> #REF! | G17: =+VLOOKUP(B17,BCThuNhap_06203!$B$17:$E$72,6,0) -> #REF!
... A37: VIII. LỢI NHUẬN KẾ TOÁN SAU THUẾ TNDN (41 = 30 - 40) | B37: 41 | D37: =+VLOOKUP(B37,BCThuNhap_06203!$B$17:$D$72,3,0) -> -38061610 | E37: =+VLOOKUP(B37,BCThuNhap_06203!$B$17:$D$72,4,0) -> #REF! | F37: =+VLOOKUP(B37,BCThuNhap_06203!$B$17:$E$72,5,0) -> #REF! | G37: =+VLOOKUP(B37,BCThuNhap_06203!$B$17:$E$72,6,0) -> #REF!

Sheet LCTT
A1: Chỉ tiêu | B1: Mã số | C1: Thuyết minh | D1: Năm N | E1: Năm N-1
A2: I. Lưu chuyển tiền từ hoạt động đầu tư | B2: I
A3: 1. Lợi nhuận trước Thuế thu nhập doanh nghiệp | B3: 01 | D3: =+VLOOKUP(B3,BCLCGT_06262!$B$19:$D$64,3,0) -> -38061610 | E3: =+VLOOKUP(B3,BCLCGT_06262!$B$19:$E$64,4,0) -> 0
A4: 2. Điều chỉnh cho các khoản tăng giá trị tài sản ròng từ các hoạt động đầu tư | B4: 02 | D4: =+VLOOKUP(B4,BCLCGT_06262!$B$19:$D$64,3,0) -> 5000000 | E4: =+VLOOKUP(B4,BCLCGT_06262!$B$19:$E$64,4,0) -> 0
A5: (- lãi) hoặc (+ lỗ) chênh lệch tỷ giá hối đoái chưa thực hiện | B5: 03 | D5: =+VLOOKUP(B5,BCLCGT_06262!$B$19:$D$64,3,0) -> 0 | E5: =+VLOOKUP(B5,BCLCGT_06262!$B$19:$E$64,4,0) -> 0
A6: (+) chi phí trích trước | B6: 04 | D6: =+VLOOKUP(B6,BCLCGT_06262!$B$19:$D$64,3,0) -> 5000000 | E6: =+VLOOKUP(B6,BCLCGT_06262!$B$19:$E$64,4,0) -> 0
A7: 3. Lợi nhuận từ hoạt động đầu tư trước thay đổi vốn lưu động | B7: 05 | D7: =+VLOOKUP(B7,BCLCGT_06262!$B$19:$D$64,3,0) -> -33061610 | E7: =+VLOOKUP(B7,BCLCGT_06262!$B$19:$E$64,4,0) -> 0
A8: (-) Tăng, (+) giảm các khoản đầu tư | B8: 20 | D8: =+VLOOKUP(B8,BCLCGT_06262!$B$19:$D$64,3,0) -> 0 | E8: =+VLOOKUP(B8,BCLCGT_06262!$B$19:$E$64,4,0) -> 0
A9: (-) Tăng, (+) giảm phải thu bán chứng khoán đầu tư | B9: 06 | D9: =+VLOOKUP(B9,BCLCGT_06262!$B$19:$D$64,3,0) -> 0 | E9: =+VLOOKUP(B9,BCLCGT_06262!$B$19:$E$64,4,0) -> 0
A10: (-) Tăng, (+) giảm dự thu phải thu tiền lãi các khoản đầu tư | B10: 07 | D10: =+VLOOKUP(B10,BCLCGT_06262!$B$19:$D$64,3,0) -> 0 | E10: =+VLOOKUP(B10,BCLCGT_06262!$B$19:$E$64,4,0) -> 0
A11: (-) Tăng, (+) giảm các khoản phải thu khác | B11: 08 | D11: =+VLOOKUP(B11,BCLCGT_06262!$B$19:$D$64,3,0) -> 0 | E11: =+VLOOKUP(B11,BCLCGT_06262!$B$19:$E$64,4,0) -> 0
A12: (+) Tăng, (-) giảm vay ngắn hạn | B12: 09 | D12: =+VLOOKUP(B12,BCLCGT_06262!$B$19:$D$64,3,0) -> 0 | E12: =+VLOOKUP(B12,BCLCGT_06262!$B$19:$E$64,4,0) -> 0
A13: (+) Tăng, (-) giảm phải trả cho người bán | B13: 10 | D13: =+VLOOKUP(B13,BCLCGT_06262!$B$19:$D$64,3,0) -> 0 | E13: =+VLOOKUP(B13,BCLCGT_06262!$B$19:$E$64,4,0) -> 0
A14: (+) Tăng, (-) giảm phải trả các Đại lý phân phối Chứng chỉ quỹ | B14: 11 | D14: =+VLOOKUP(B14,BCLCGT_06262!$B$19:$D$64,3,0) -> 0 | E14: =+VLOOKUP(B14,BCLCGT_06262!$B$19:$E$64,4,0) -> 0
... A22: Lưu chuyển tiền thuần từ hoạt động đầu tư (1 + 2 + 3) | B22: 19 | D22: =+VLOOKUP(B22,BCLCGT_06262!$B$19:$D$64,3,0) -> 3938390 | E22: =+VLOOKUP(B22,BCLCGT_06262!$B$19:$E$64,4,0) -> 0
A23: II. Lưu chuyển tiền từ hoạt động tài chính | B23: II | D23: =BCLCGT_06262!D45 -> 50435000000 | E23: =+VLOOKUP(B23,BCLCGT_06262!$B$19:$E$64,4,0) -> 0
A24: 1. Tiền thu từ phát hành Chứng chỉ quỹ mở | B24: 31 | D24: =BCLCGT_06262!D40 -> 50435000000 | E24: =BCLCGT_06262!E40 -> 0
A25: 2. Tiền chi mua lại Chứng chỉ quỹ mở | B25: 32 | D25: =BCLCGT_06262!D41 -> 0 | E25: =BCLCGT_06262!E41 -> 0
A26: 3. Tiền vay gốc | B26: 33 | D26: =BCLCGT_06262!D42 -> 0 | E26: =BCLCGT_06262!E42 -> 0
A27: 4. Tiền chi trả nợ gốc vay | B27: 34 | D27: =+VLOOKUP(B27,BCLCGT_06262!$B$19:$D$64,3,0) -> 0 | E27: =+VLOOKUP(B27,BCLCGT_06262!$B$19:$E$64,4,0) -> 0
A28: 5. Tiền chi trả cổ tức, tiền lãi cho nhà đầu tư | B28: 35 | D28: =+VLOOKUP(B28,BCLCGT_06262!$B$19:$D$64,3,0) -> 0 | E28: =+VLOOKUP(B28,BCLCGT_06262!$B$19:$E$64,4,0) -> 0
A29: Lưu chuyển tiền thuần từ hoạt động tài chính (1-2+3-4-5) | B29: 30 | D29: =+VLOOKUP(B29,BCLCGT_06262!$B$19:$D$64,3,0) -> 50435000000 | E29: =+VLOOKUP(B29,BCLCGT_06262!$B$19:$E$64,4,0) -> 0
A30: III. Tăng/giảm tiền thuần trong kỳ | B30: 40 | D30: =+VLOOKUP(B30,BCLCGT_06262!$B$19:$D$64,3,0) -> 50438938390 | E30: =+VLOOKUP(B30,BCLCGT_06262!$B$19:$E$64,4,0) -> 0
A31: IV. Tiền và các khoản tương đương tiền đầu kỳ | B31: 50 | D31: =+VLOOKUP(B31,BCLCGT_06262!$B$19:$D$64,3,0) -> 0 | E31: =+VLOOKUP(B31,BCLCGT_06262!$B$19:$E$64,4,0) -> 0
A32: Tiền gửi ngân hàng đầu kỳ: | B32: 51 | D32: =+VLOOKUP(B32,BCLCGT_06262!$B$19:$D$64,3,0) -> 0 | E32: =+VLOOKUP(B32,BCLCGT_06262!$B$19:$E$64,4,0) -> 0
A33: - Tiền gửi ngân hàng cho hoạt động Quỹ mở | B33: 52 | D33: =+VLOOKUP(B33,BCLCGT_06262!$B$19:$D$64,3,0) -> 0 | E33: =+VLOOKUP(B33,BCLCGT_06262!$B$19:$E$64,4,0) -> 0
A34: - Tiền gửi của Nhà đầu tư về mua Chứng chỉ quỹ | B34: 53 | D34: =+VLOOKUP(B34,BCLCGT_06262!$B$19:$D$64,3,0) -> 0 | E34: =+VLOOKUP(B34,BCLCGT_06262!$B$19:$E$64,4,0) -> 0
A35: - Tiền gửi phong tỏa | B35: 54 | D35: =+VLOOKUP(B35,BCLCGT_06262!$B$19:$D$64,3,0) -> 0 | E35: =+VLOOKUP(B35,BCLCGT_06262!$B$19:$E$64,4,0) -> 0
A36: V. Tiền và các khoản tương đương tiền cuối kỳ | B36: 55 | D36: =+VLOOKUP(B36,BCLCGT_06262!$B$19:$D$64,3,0) -> 50438938390 | E36: =+VLOOKUP(B36,BCLCGT_06262!$B$19:$E$64,4,0) -> 0
A37: Tiền gửi ngân hàng cuối kỳ: | B37: 56 | D37: =+VLOOKUP(B37,BCLCGT_06262!$B$19:$D$64,3,0) -> 50438938390 | E37: =+VLOOKUP(B37,BCLCGT_06262!$B$19:$E$64,4,0) -> 0
A38: - Tiền gửi ngân hàng cho hoạt động Quỹ mở | B38: 57 | D38: =+VLOOKUP(B38,BCLCGT_06262!$B$19:$D$64,3,0) -> 50438938390 | E38: =+VLOOKUP(B38,BCLCGT_06262!$B$19:$E$64,4,0) -> 0
... A42: Khác | B42: 80 | D42: =+VLOOKUP(B42,BCLCGT_06262!$B$19:$D$64,3,0) -> 0 | E42: =+VLOOKUP(B42,BCLCGT_06262!$B$19:$E$64,4,0) -> 0

Sheet TAI CHINH
A1: Chỉ tiêu | B1: Mã số | C1: Thuyết minh | D1: Năm N | E1: Năm N-1
A2: I. TÀI SẢN | B2: I
A3: 1.Tiền gửi ngân hàng và tương đương tiền | B3: 110 | D3: =+VLOOKUP(B3,BCTinhHinhTaiChinh_06105!$B$18:$D$87,3,0) -> 50438938390 | E3: =+VLOOKUP(B3,BCTinhHinhTaiChinh_06105!$B$18:$E$87,4,0) -> 0
A4: 1.1. Tiền gửi ngân hàng cho hoạt động của Quỹ mở | B4: 111 | D4: =+VLOOKUP(B4,BCTinhHinhTaiChinh_06105!$B$18:$D$87,3,0) -> 50438938390 | E4: =+VLOOKUP(B4,BCTinhHinhTaiChinh_06105!$B$18:$E$87,4,0) -> 0
A5: 1.2. Tiền gửi có kỳ hạn dưới 3 tháng | B5: 112 | D5: =+VLOOKUP(B5,BCTinhHinhTaiChinh_06105!$B$18:$D$87,3,0) -> 0 | E5: =+VLOOKUP(B5,BCTinhHinhTaiChinh_06105!$B$18:$E$87,4,0) -> 0
A6: 2. Các khoản đầu tư thuần | B6: 120 | D6: =+VLOOKUP(B6,BCTinhHinhTaiChinh_06105!$B$18:$D$87,3,0) -> 0 | E6: =+VLOOKUP(B6,BCTinhHinhTaiChinh_06105!$B$18:$E$87,4,0) -> 0
A7: 2.1. Các khoản đầu tư | B7: 121 | D7: =+VLOOKUP(B7,BCTinhHinhTaiChinh_06105!$B$18:$D$87,3,0) -> 0 | E7: =+VLOOKUP(B7,BCTinhHinhTaiChinh_06105!$B$18:$E$87,4,0) -> 0
A8: 2.2. Dự phòng giảm giá tài sản nhận thế chấp | B8: 122 | D8: =+VLOOKUP(B8,BCTinhHinhTaiChinh_06105!$B$18:$D$87,3,0) -> 0 | E8: =+VLOOKUP(B8,BCTinhHinhTaiChinh_06105!$B$18:$E$87,4,0) -> 0
A9: 3. Các khoản phải thu | B9: 130 | D9: =+VLOOKUP(B9,BCTinhHinhTaiChinh_06105!$B$18:$D$87,3,0) -> 0 | E9: =+VLOOKUP(B9,BCTinhHinhTaiChinh_06105!$B$18:$E$87,4,0) -> 0
A10: 3.1 Phải thu về bán các khoản đầu tư | B10: 131 | D10: =+VLOOKUP(B10,BCTinhHinhTaiChinh_06105!$B$18:$D$87,3,0) -> 0 | E10: =+VLOOKUP(B10,BCTinhHinhTaiChinh_06105!$B$18:$E$87,4,0) -> 0
A11: Trong đó: Phải thu khó đòi về bán các khoản đầu tư | B11: 132 | D11: 0 | E11: 0
A12: 3.2. Phải thu và dự thu cổ tức, tiền lãi các khoản đầu tư | B12: 133 | D12: =+VLOOKUP(B12,BCTinhHinhTaiChinh_06105!$B$18:$D$87,3,0) -> 0 | E12: =+VLOOKUP(B12,BCTinhHinhTaiChinh_06105!$B$18:$E$87,4,0) -> 0
A13: 3.2.1. Phải thu cổ tức, tiền lãi đến ngày nhận | B13: 134 | D13: =+VLOOKUP(B13,BCTinhHinhTaiChinh_06105!$B$18:$D$87,3,0) -> 0 | E13: =+VLOOKUP(B13,BCTinhHinhTaiChinh_06105!$B$18:$E$87,4,0) -> 0
A14: Trong đó: Phải thu khó đòi về cổ tức, tiền lãi đến ngày nhận nhưng chưa nhận được | B14: 135 | D14: =BCTinhHinhTaiChinh_06105!D37 -> 0 | E14: =BCTinhHinhTaiChinh_06105!E37 -> 0
A15: 3.2.2 Dự thu cổ tức, tiền lãi chưa đến ngày nhận | B15: 136 | D15: =+VLOOKUP(B15,BCTinhHinhTaiChinh_06105!$B$18:$D$87,3,0) -> 0 | E15: =+VLOOKUP(B15,BCTinhHinhTaiChinh_06105!$B$18:$E$87,4,0) -> 0
A16: 3.3. Các khoản phải thu khác | B16: 137 | D16: =+VLOOKUP(B16,BCTinhHinhTaiChinh_06105!$B$18:$D$87,3,0) -> 0 | E16: =+VLOOKUP(B16,BCTinhHinhTaiChinh_06105!$B$18:$E$87,4,0) -> 0
A17: 3.4. Dự phòng nợ phải thu khó đòi (*) | B17: 138 | D17: =+VLOOKUP(B17,BCTinhHinhTaiChinh_06105!$B$18:$D$87,3,0) -> 0 | E17: =+VLOOKUP(B17,BCTinhHinhTaiChinh_06105!$B$18:$E$87,4,0) -> 0
A18: TỔNG TÀI SẢN | B18: 100 | D18: =+VLOOKUP(B18,BCTinhHinhTaiChinh_06105!$B$18:$D$87,3,0) -> 50438938390 | E18: =+VLOOKUP(B18,BCTinhHinhTaiChinh_06105!$B$18:$E$87,4,0) -> 0
A19: II. NỢ PHẢI TRẢ | B19: II | D19: =+VLOOKUP(B19,BCTinhHinhTaiChinh_06105!$B$18:$D$87,3,0) -> 0 | E19: =+VLOOKUP(B19,BCTinhHinhTaiChinh_06105!$B$18:$E$87,4,0) -> 0
A20: 1. Vay ngắn hạn | B20: 311 | D20: =+VLOOKUP(B20,BCTinhHinhTaiChinh_06105!$B$18:$D$87,3,0) -> 0 | E20: =+VLOOKUP(B20,BCTinhHinhTaiChinh_06105!$B$18:$E$87,4,0) -> 0
A21: 2. Phải trả về mua các khoản đầu tư | B21: 312 | D21: =+VLOOKUP(B21,BCTinhHinhTaiChinh_06105!$B$18:$D$87,3,0) -> 0 | E21: =+VLOOKUP(B21,BCTinhHinhTaiChinh_06105!$B$18:$E$87,4,0) -> 0
A22: 3. Phải trả cho các Đại lý phân phối Chứng chỉ quỹ | B22: 313 | D22: =+VLOOKUP(B22,BCTinhHinhTaiChinh_06105!$B$18:$D$87,3,0) -> 0 | E22: =+VLOOKUP(B22,BCTinhHinhTaiChinh_06105!$B$18:$E$87,4,0) -> 0
A23: 4. Thuế và các khoản phải nộp Nhà nước | B23: 314 | D23: =+VLOOKUP(B23,BCTinhHinhTaiChinh_06105!$B$18:$D$87,3,0) -> 0 | E23: =+VLOOKUP(B23,BCTinhHinhTaiChinh_06105!$B$18:$E$87,4,0) -> 0
A24: 5.Phải trả thu nhập cho Nhà đầu tư | B24: 315 | D24: =+VLOOKUP(B24,BCTinhHinhTaiChinh_06105!$B$18:$D$87,3,0) -> 0 | E24: =+VLOOKUP(B24,BCTinhHinhTaiChinh_06105!$B$18:$E$87,4,0) -> 0
A25: 6. Chi phí phải trả | B25: 316 | D25: =+VLOOKUP(B25,BCTinhHinhTaiChinh_06105!$B$18:$D$87,3,0) -> 5000000 | E25: =+VLOOKUP(B25,BCTinhHinhTaiChinh_06105!$B$18:$E$87,4,0) -> 0
A26: 7. Phải trả cho Nhà đầu tư về mua Chứng chỉ quỹ | B26: 317 | D26: =+VLOOKUP(B26,BCTinhHinhTaiChinh_06105!$B$18:$D$87,3,0) -> 0 | E26: =+VLOOKUP(B26,BCTinhHinhTaiChinh_06105!$B$18:$E$87,4,0) -> 0
... A31: III. GIÁ TRỊ TÀI SẢN RÒNG CÓ THỂ PHÂN PHỐI CHO NHÀ ĐẦU TƯ NẮM GIỮ CHỨNG CHỈ QUỸ MỞ (I-II) | B31: 400 | D31: =+VLOOKUP(B31,BCTinhHinhTaiChinh_06105!$B$18:$D$87,3,0) -> 50396938390 | E31: =+VLOOKUP(B31,BCTinhHinhTaiChinh_06105!$B$18:$E$87,4,0) -> 0
A32: 1. Vốn góp của Nhà đầu tư | B32: 411 | D32: =BCTinhHinhTaiChinh_06105!D74 -> 50435000000 | E32: =BCTinhHinhTaiChinh_06105!E74 -> 0
A33: 1.1 Vốn góp phát hành | B33: 412 | D33: =+VLOOKUP(B33,BCTinhHinhTaiChinh_06105!$B$18:$D$87,3,0) -> 50435000000 | E33: =+VLOOKUP(B33,BCTinhHinhTaiChinh_06105!$B$18:$E$87,4,0) -> 0
A34: 1.2 Vốn góp mua lại | B34: 413 | D34: =+VLOOKUP(B34,BCTinhHinhTaiChinh_06105!$B$18:$D$87,3,0) -> 0 | E34: =+VLOOKUP(B34,BCTinhHinhTaiChinh_06105!$B$18:$E$87,4,0) -> 0
A35: 2. Thặng dư vốn góp của Nhà đầu tư | B35: 414 | D35: =+VLOOKUP(B35,BCTinhHinhTaiChinh_06105!$B$18:$D$87,3,0) -> 0 | E35: =+VLOOKUP(B35,BCTinhHinhTaiChinh_06105!$B$18:$E$87,4,0) -> 0
A36: 3. Lợi nhuận chưa phân phối | B36: 420 | D36: =+VLOOKUP(B36,BCTinhHinhTaiChinh_06105!$B$18:$D$87,3,0) -> -38061610 | E36: =+VLOOKUP(B36,BCTinhHinhTaiChinh_06105!$B$18:$E$87,4,0) -> 0
A37: IV. GIÁ TRỊ TÀI SẢN RÒNG QUỸ MỞ TRÊN 1 ĐƠN VỊ CHỨNG CHỈ QUỸ (IV=(I-II)/III) | B37: 430 | D37: =+VLOOKUP(B37,BCTinhHinhTaiChinh_06105!$B$18:$D$87,3,0) -> 9992.45 | E37: =+VLOOKUP(B37,BCTinhHinhTaiChinh_06105!$B$18:$E$87,4,0) -> 0
A38: V. LỢI NHUẬN ĐÃ PHÂN PHỐI CHO NHÀ ĐẦU TƯ | B38: 440 | D38: =+VLOOKUP(B38,BCTinhHinhTaiChinh_06105!$B$18:$D$87,3,0) -> 0 | E38: =+VLOOKUP(B38,BCTinhHinhTaiChinh_06105!$B$18:$E$87,4,0) -> 0
A39: 1. Lợi nhuận/Tài sản đã phân phối cho Nhà đầu tư trong năm | B39: 441 | D39: =+VLOOKUP(B39,BCTinhHinhTaiChinh_06105!$B$18:$D$87,3,0) -> 0 | E39: =+VLOOKUP(B39,BCTinhHinhTaiChinh_06105!$B$18:$E$87,4,0) -> 0
A40: 2. Lợi nhuận đã phân phối cho Nhà đầu tư lũy kế từ khi thành lập Quỹ mở đến kỳ lập báo cáo này | B40: 442 | D40: =+VLOOKUP(B40,BCTinhHinhTaiChinh_06105!$B$18:$D$87,3,0) -> 0 | E40: =+VLOOKUP(B40,BCTinhHinhTaiChinh_06105!$B$18:$E$87,4,0) -> 0
A41: VI. CÁC CHỈ TIÊU NGOÀI BÁO CÁO TÌNH HÌNH TÀI CHÍNH | B41: VI | D41: =+VLOOKUP(B41,BCTinhHinhTaiChinh_06105!$B$18:$D$87,3,0) -> 0 | E41: =+VLOOKUP(B41,BCTinhHinhTaiChinh_06105!$B$18:$E$87,4,0) -> 0
A42: 1. Tài sản nhận thế chấp | B42: 001 | D42: =+VLOOKUP(B42,BCTinhHinhTaiChinh_06105!$B$18:$D$87,3,0) -> 0 | E42: =+VLOOKUP(B42,BCTinhHinhTaiChinh_06105!$B$18:$E$87,4,0) -> 0
A43: 2. Nợ khó đòi đã xử lý | B43: 002 | D43: =+VLOOKUP(B43,BCTinhHinhTaiChinh_06105!$B$18:$D$87,3,0) -> 0 | E43: =+VLOOKUP(B43,BCTinhHinhTaiChinh_06105!$B$18:$E$87,4,0) -> 0
A44: 3. Ngoại tệ các loại | B44: 003 | D44: =+VLOOKUP(B44,BCTinhHinhTaiChinh_06105!$B$18:$D$87,3,0) -> 0 | E44: =+VLOOKUP(B44,BCTinhHinhTaiChinh_06105!$B$18:$E$87,4,0) -> 0
A45: 4. Số lượng Chứng chỉ quỹ đang lưu hành | B45: 004 | D45: =+VLOOKUP(B45,BCTinhHinhTaiChinh_06105!$B$18:$D$87,3,0) -> 5043500 | E45: =+VLOOKUP(B45,BCTinhHinhTaiChinh_06105!$B$18:$E$87,4,0) -> 0

Sheet tai san
A1: STT | B1: Nội dung | C1: Mã chỉ tiêu | D1: Kỳ báo cáo | E1: Kỳ trước | F1: %/cùng kỳ năm trước
A2: I | B2: Tài sản | C2: 2200
A3: I.1 | B3: Tiền và các khoản tương đương tiền | C3: 2201 | D3: =BCTaiSan_06027!D19 -> 50438938390 | E3: =BCTaiSan_06027!E19 -> 0 | F3: =BCTaiSan_06027!F19/100 -> 0
B4: Tiền | C4: 2202
A5: ... | B5: ... | C5: ... | F5: ...
B6: Tiền gửi ngân hàng | C6: 2203 | D6: =BCTaiSan_06027!D21 -> 50438938390 | E6: =BCTaiSan_06027!E21 -> 0 | F6: =BCTaiSan_06027!F21/100 -> 0
A7: ... | B7: Các khoản tương đương tiền | C7: 2204 | D7: =BCTaiSan_06027!D25 -> 0 | E7: =BCTaiSan_06027!E25 -> 0 | F7: =BCTaiSan_06027!F25/100 -> 0
A8: I.2 | B8: Các khoản đầu tư (kê chi tiết) | C8: 2205 | D8: =BCTaiSan_06027!D26 -> 0 | E8: =BCTaiSan_06027!E26 -> 0 | F8: =BCTaiSan_06027!F26/100 -> 0
A9: ... | B9: ... | C9: ... | F9: ...
A11: I.3 | B11: Thu từ cho thuê bất động sản đầu tư (áp dụng đối với các quỹ được phép đầu tư bất động sản) | C11: 2220
A12: ... | B12: ... | C12: ... | F12: ...
A13: I.4 | B13: Cổ tức, trái tức được nhận | C13: 2206 | D13: =BCTaiSan_06027!D33 -> 0 | E13: =BCTaiSan_06027!E33 -> 0 | F13: =BCTaiSan_06027!F33/100 -> 0
A14: ... | B14: ... | C14: ... | F14: ...
A16: I.5 | B16: Lãi được nhận | C16: 2207 | D16: =BCTaiSan_06027!D36 -> 0 | E16: =BCTaiSan_06027!E36 -> 0 | F16: =BCTaiSan_06027!F36/100 -> 0
A17: ... | B17: ... | C17: ... | F17: ...
A19: I.6 | B19: Tiền bán bất động sản chờ thu (kê chi tiết - áp dụng đối với các quỹ được phép đầu tư bất động sản) | C19: 2221
A20: ... | B20: ... | C20: ... | F20: ...
A21: I.7 | B21: Tiền bán chứng khoán chờ thu (kê chi tiết) | C21: 2208
A22: ... | B22: ... | C22: ... | F22: ...
A24: I.8 | B24: Các khoản phải thu khác | C24: 2210 | D24: =BCTaiSan_06027!D40 -> 0 | E24: =BCTaiSan_06027!E40 -> 0 | F24: =BCTaiSan_06027!F40/100 -> 0
A25: ... | B25: ... | C25: ... | F25: ...
A27: I.9 | B27: Các tài sản khác | C27: 2211 | D27: =BCTaiSan_06027!D41 -> 0 | E27: =BCTaiSan_06027!E41 -> 0 | F27: =BCTaiSan_06027!F41/100 -> 0
A28: ... | B28: ... | C28: ... | F28: ...
A30: I.10 | B30: Tổng tài sản | C30: 2212 | D30: =BCTaiSan_06027!D42 -> 50438938390 | E30: =BCTaiSan_06027!E42 -> 0 | F30: =BCTaiSan_06027!F42/100 -> 0
A31: II | B31: Nợ | C31: 2213
A32: II.1 | B32: Tiền phải thanh toán mua bất động sản (kê chi tiết) | C32: 2222
A33: ... | B33: ... | C33: ... | F33: ...
A34: II.2 | B34: Tiền phải thanh toán mua chứng khoán (kê chi tiết) | C34: 2214 | D34: =BCTaiSan_06027!D44 -> 0 | E34: =BCTaiSan_06027!E44 -> 0 | F34: =BCTaiSan_06027!F44/100 -> 0
A35: ... | B35: ... | C35: ... | F35: ...
A37: II.3 | B37: Các khoản phải trả khác | C37: 2215 | D37: =BCTaiSan_06027!D45 -> 42000000 | E37: =BCTaiSan_06027!E45 -> 0 | F37: =BCTaiSan_06027!F45/100 -> 0
A38: ... | B38: ... | C38: ... | F38: ...
A40: II.4 | B40: Tổng nợ | C40: 2216 | D40: =BCTaiSan_06027!D66 -> 42000000 | E40: =BCTaiSan_06027!E66 -> 0 | F40: =BCTaiSan_06027!F66/100 -> 0
B41: Tài sản ròng của Quỹ/Công ty đầu tư (I.10-II.4) | C41: 2217 | D41: =BCTaiSan_06027!D67 -> 50396938390 | E41: =BCTaiSan_06027!E67 -> 0 | F41: =BCTaiSan_06027!F67/100 -> 0
B42: Tổng số chứng chỉ quỹ đang lưu hành | C42: 2218 | D42: =BCTaiSan_06027!D68 -> 5043500 | E42: =BCTaiSan_06027!E68 -> 0 | F42: =BCTaiSan_06027!F68/100 -> 0
B43: Giá trị tài sản ròng trên một chứng chỉ quỹ/cổ phiếu | C43: 2219 | D43: =BCTaiSan_06027!D69 -> 9992.45 | E43: =BCTaiSan_06027!E69 -> 0 | F43: =BCTaiSan_06027!F69/100 -> 0

Sheet hoat dong
A1: STT | B1: Chỉ tiêu | C1: Mã chỉ tiêu | D1: Kỳ báo cáo | E1: Kỳ trước | F1: Lũy kế từ đầu năm
A2: I | B2: Thu nhập từ hoạt động đầu tư | C2: 2220 | D2: =BCKetQuaHoatDong_06028!D18 -> 3938390 | E2: =BCKetQuaHoatDong_06028!E18 -> 0 | F2: =BCKetQuaHoatDong_06028!F18 -> 3938390
A3: 1 | B3: Thu từ bất động sản cho thuê (áp dụng đối với các quỹ được phép đầu tư bất động sản) | C3: 2223
A4: ... | B4: ... | C4: ...
A5: 2 | B5: Cổ tức, trái tức được nhận | C5: 2221 | D5: =BCKetQuaHoatDong_06028!D19 -> 0 | E5: =BCKetQuaHoatDong_06028!E19 -> 0 | F5: =BCKetQuaHoatDong_06028!F19 -> 0
A6: ... | B6: ... | C6: ...
A7: 3 | B7: Lãi được nhận | C7: 2222 | D7: =BCKetQuaHoatDong_06028!D22 -> 3938390 | E7: =BCKetQuaHoatDong_06028!E22 -> 0 | F7: =BCKetQuaHoatDong_06028!F22 -> 3938390
A8: ... | B8: ... | C8: ...
A9: 4 | B9: Các khoản thu nhập khác | C9: 2223 | D9: =BCKetQuaHoatDong_06028!D23 -> 0 | E9: =BCKetQuaHoatDong_06028!E23 -> 0 | F9: =BCKetQuaHoatDong_06028!F23 -> 0
A10: ... | B10: ... | C10: ...
A11: II | B11: Chi phí | C11: 2224 | D11: =BCKetQuaHoatDong_06028!D24 -> 42000000 | E11: =BCKetQuaHoatDong_06028!E24 -> 0 | F11: =BCKetQuaHoatDong_06028!F24 -> 42000000
A12: 1 | B12: Chi phí quản lý trả cho công ty quản lý quỹ | C12: 2225 | D12: =BCKetQuaHoatDong_06028!D25 -> 0 | E12: =BCKetQuaHoatDong_06028!E25 -> 0 | F12: =BCKetQuaHoatDong_06028!F25 -> 0
A13: ... | B13: ... | C13: ...
A14: 2 | B14: Chi phí lưu ký, giám sát trả cho ngân hàng giám sát | C14: 2226 | D14: =BCKetQuaHoatDong_06028!D26 -> 20500000 | E14: =BCKetQuaHoatDong_06028!E26 -> 0 | F14: =BCKetQuaHoatDong_06028!F26 -> 20500000
A15: ... | B15: ... | C15: ...
A17: 3 | B17: Chi phí quản trị quỹ và các chi phí khác mà công ty quản lý quỹ trả cho tổ chức cung cấp dịch vụ có liên quan (nếu có) | C17: 2227 | D17: =BCKetQuaHoatDong_06028!D31 -> 16500000 | E17: =BCKetQuaHoatDong_06028!E31 -> 0 | F17: =BCKetQuaHoatDong_06028!F31 -> 16500000
A18: ... | B18: ... | C18: ...
A20: 4 | B20: Chi phí dịch vụ quản lý bất động sản (áp dụng đối với các quỹ được phép đầu tư bất động sản) | C20: 2231
A21: ... | B21: ... | C21: ...
A22: 5 | B22: Chi phí dịch vụ định giá bất động sản (áp dụng đối với các quỹ được phép đầu tư bất động sản) | C22: 2232
A23: ... | B23: ... | C23: ...
A24: 6 | B24: Chi phí kiểm toán trả cho tổ chức kiểm toán; | C24: 2228 | D24: =BCKetQuaHoatDong_06028!D34 -> 0 | E24: =BCKetQuaHoatDong_06028!E34 -> 0 | F24: =BCKetQuaHoatDong_06028!F34 -> 0
A25: ... | B25: ... | C25: ...
A26: 7 | B26: Chi phí dịch vụ tư vấn pháp lý, dịch vụ báo giá và các dịch vụ hợp lý khác, thù lao trả cho Ban đại diện quỹ/Hội đồng quản trị | C26: 2229 | D26: =BCKetQuaHoatDong_06028!D35 -> 0 | E26: =BCKetQuaHoatDong_06028!E35 -> 0 | F26: =BCKetQuaHoatDong_06028!F35 -> 0
A27: ... | B27: ... | C27: ...
A29: 8 | B29: Chi phí dự thảo, in ấn, gửi Bản cáo bạch, Bản cáo bạch tóm tắt, báo cáo tài chính, xác nhận giao dịch, sao kê tài khoản và các tài liệu khác cho nhà đầu tư; chi phí công bố thông tin của quỹ; chi phí tổ chức họp Đại hội nhà đầu tư/Đại hội đồng cổ đông, Ban đại diện quỹ/Hội đồng quản trị | C29: 2230 | D29: =BCKetQuaHoatDong_06028!D38 -> 0 | E29: =BCKetQuaHoatDong_06028!E38 -> 0 | F29: =BCKetQuaHoatDong_06028!F38 -> 0
A30: ... | B30: ... | C30: ...
A32: 9 | B32: Chi phí liên quan đến thực hiện các giao dịch tài sản của quỹ/công ty | C32: 2231 | D32: =BCKetQuaHoatDong_06028!D44 -> 0 | E32: =BCKetQuaHoatDong_06028!E44 -> 0 | F32: =BCKetQuaHoatDong_06028!F44 -> 0
A33: ... | B33: ... | C33: ...
A35: 10 | B35: Các loại chi phí khác (nêu chi tiết) | C35: 2232 | D35: =BCKetQuaHoatDong_06028!D48 -> 5000000 | E35: =BCKetQuaHoatDong_06028!E48 -> 0 | F35: =BCKetQuaHoatDong_06028!F48 -> 5000000
A36: ... | B36: ... | C36: ...
A38: III | B38: Thu nhập ròng từ hoạt động đầu tư (I-II) | C38: 2233 | D38: =BCKetQuaHoatDong_06028!D55 -> -38061610 | E38: =BCKetQuaHoatDong_06028!E55 -> 0 | F38: =BCKetQuaHoatDong_06028!F55 -> -38061610
A39: IV | B39: Lãi (lỗ) từ hoạt động đầu tư | C39: 2234
A40: 1 | B40: Lãi (lỗ) thực tế phát sinh từ hoạt động đầu tư hoặc chuyển nhượng bất động sản | C40: 2235 | D40: =BCKetQuaHoatDong_06028!D57 -> 0 | E40: =BCKetQuaHoatDong_06028!E57 -> 0 | F40: =BCKetQuaHoatDong_06028!F57 -> 0
A41: 2 | B41: Thay đổi về giá trị của các khoản đầu tư trong kỳ | C41: 2236 | D41: =BCKetQuaHoatDong_06028!D58 -> 0 | E41: =BCKetQuaHoatDong_06028!E58 -> 0 | F41: =BCKetQuaHoatDong_06028!F58 -> 0
A42: V | B42: Thay đổi của giá trị tài sản ròng do các hoạt động đầu tư trong kỳ (III + IV) | C42: 2237 | D42: =BCKetQuaHoatDong_06028!D59 -> -38061610 | E42: =BCKetQuaHoatDong_06028!E59 -> 0 | F42: =BCKetQuaHoatDong_06028!F59 -> -38061610
A43: VI | B43: Giá trị tài sản ròng đầu kỳ | C43: 2238 | D43: =BCKetQuaHoatDong_06028!D60 -> 0 | E43: =BCKetQuaHoatDong_06028!E60 -> 0 | F43: =BCKetQuaHoatDong_06028!F60 -> 0
A44: VII | B44: Thay đổi giá trị tài sản ròng của Quỹ/Công ty trong kỳ, trong đó: | C44: 2239 | D44: =BCKetQuaHoatDong_06028!D61 -> 50396938390 | E44: =BCKetQuaHoatDong_06028!E61 -> 0 | F44: =BCKetQuaHoatDong_06028!F61 -> 50396938390
A45: 1 | B45: Thay đổi giá trị tài sản ròng của Quỹ/Công ty đầu tư chứng khoán do các hoạt động đầu tư trong kỳ | C45: 2239.1 | D45: =BCKetQuaHoatDong_06028!D63 -> -38061610 | E45: =BCKetQuaHoatDong_06028!E63 -> 0 | F45: =BCKetQuaHoatDong_06028!F63 -> -38061610
A46: 2 | B46: Thay đổi giá trị tài sản ròng do việc chi trả lợi tức/cổ tức cho các nhà đầu tư/cổ đông trong kỳ | C46: 2239.2 | D46: =BCKetQuaHoatDong_06028!D64 -> 0 | E46: =BCKetQuaHoatDong_06028!E64 -> 0 | F46: =BCKetQuaHoatDong_06028!F64 -> 0
A47: 3 | B47: Thay đổi giá trị tài sản ròng do phát hành thêm/mua lại chứng chỉ quỹ | C47: 2239.3 | D47: =BCKetQuaHoatDong_06028!D65 -> 50435000000 | E47: =BCKetQuaHoatDong_06028!E65 -> 0 | F47: =BCKetQuaHoatDong_06028!F65 -> 50435000000
A48: VIII | B48: Giá trị tài sản ròng cuối kỳ | C48: 2243 | D48: =BCKetQuaHoatDong_06028!D68 -> 50396938390 | E48: =BCKetQuaHoatDong_06028!E68 -> 0 | F48: =BCKetQuaHoatDong_06028!F68 -> 50396938390
A49: IX | B49: Lợi nhuận bình quân năm (chỉ áp dụng đối với báo cáo năm) | C49: 2244
B50: Tỷ suất lợi nhuận bình quân năm (chỉ áp dụng đối với báo cáo năm) | C50: 2245

Sheet danh muc
A1: STT | B1: Loại tài sản | C1: Mã chỉ tiêu | D1: Số lượng | E1: Giá thị trường hoặc giá trị hợp lý tại ngày báo cáo | F1: Tổng giá trị | G1: Tỷ lệ %/Tổng giá trị tài sản của quỹ
A2: I | B2: Bất động sản đầu tư (áp dụng đối với các quỹ được đầu tư bất động sản)
A3: ... | B3: ... | C3: ... | D3: ... | E3: ... | F3: ... | G3: ...
B4: Tổng | C4: 2264
A5: II | B5: Cổ phiếu niêm yết, đăng ký giao dịch, chứng chỉ quỹ niêm yết | C5: 2246
A6: ... | B6: ... | C6: ... | D6: ... | E6: ... | F6: ... | G6: ...
B7: Tổng | C7: 2247
A8: II | B8: Cổ phiếu chưa niêm yết, đăng ký giao dịch, chứng chỉ quỹ không niêm yết | C8: 2248
A9: ... | B9: ... | C9: ... | D9: ... | E9: ... | F9: ... | G9: ...
B10: Tổng | C10: 2249
A11: III | B11: Trái phiếu | C11: 2251
A12: ... | B12: ... | C12: ... | D12: ... | E12: ... | F12: ... | G12: ...
B13: Trái phiếu chưa niêm yết | C13: 2251.2 | D13: =BCDanhMucDauTu_06029!D32 -> 0 | F13: =BCDanhMucDauTu_06029!F32 -> 0 | G13: =BCDanhMucDauTu_06029!G32 -> 0
B14: TP.PDRH2123002 13% 28/04/2023 | C14: 2251.2.1 | D14: 50 | E14: 1.0002e+08 | F14: 5001000008 | G14: 0.096116089
B15: TP.VICB2124002 9.7% 11/03/2024 | C15: 2251.2.2 | D15: 100000 | E15: 101547.7 | F15: 10154769863 | G15: 0.19516832
B16: Tổng | C16: 2252 | D16: =BCDanhMucDauTu_06029!D32 -> 0 | F16: =BCDanhMucDauTu_06029!F32 -> 0 | G16: =BCDanhMucDauTu_06029!G32 -> 0
A17: IV | B17: Các loại chứng khoán khác | C17: 2253
A18: ... | B18: ... | C18: ... | D18: ... | E18: ... | F18: ... | G18: ...
B19: Tổng | C19: 2254
B20: Tổng các loại chứng khoán | C20: 2255 | D20: =BCDanhMucDauTu_06029!D36 -> 0 | F20: =BCDanhMucDauTu_06029!F36 -> 0 | G20: =BCDanhMucDauTu_06029!G36 -> 0
A21: V | B21: Các tài sản khác | C21: 2256
A22: ... | B22: ... | C22: ... | D22: ... | E22: ... | F22: ... | G22: ...
B23: Tổng | C23: 2257 | F23: =BCDanhMucDauTu_06029!F45 -> 0 | G23: =BCDanhMucDauTu_06029!G45 -> 0
A24: VI | B24: Tiền | C24: 2258
B25: Tiền, tương đương tiền | C25: 2259 | F25: =BCDanhMucDauTu_06029!F47 -> 50438938390 | G25: =BCDanhMucDauTu_06029!G47 -> 1
A26: ... | B26: ... | C26: ... | D26: ... | E26: ... | F26: ... | G26: ...
B27: Tiền gửi ngân hàng | C27: 2260 | F27: =BCDanhMucDauTu_06029!F48 -> 0 | G27: =BCDanhMucDauTu_06029!G48 -> 0
A28: ... | B28: Chứng chỉ tiền gửi | C28: 2261 | D28: ... | E28: ... | F28: =BCDanhMucDauTu_06029!F49 -> 0 | G28: =BCDanhMucDauTu_06029!G49 -> 0
B30: Tổng | C30: 2262 | F30: =BCDanhMucDauTu_06029!F51 -> 50438938390 | G30: =BCDanhMucDauTu_06029!G51 -> 1
A31: VII | B31: Tổng giá trị danh mục | C31: 2263 | F31: =BCDanhMucDauTu_06029!F52 -> 50438938390 | G31: =BCDanhMucDauTu_06029!G52 -> 1

Sheet khac
A1: STT | B1: Chỉ tiêu | C1: Mã chỉ tiêu | D1: Kỳ báo cáo | E1: Kỳ trước
A2: I | B2: Các chỉ tiêu về hiệu quả hoạt động | C2: 2264
A3: 1 | B3: Tỷ lệ giá dịch vụ quản lý trả cho công ty quản lý quỹ/Giá trị tài sản ròng trung bình trong kỳ (%) | C3: 2265 | D3: =Khac_06030!D19 -> 0 | E3: =Khac_06030!E19 -> 0
A4: 2 | B4: Tỷ lệ giá dịch vụ lưu ký, giám sát trả cho ngân hàng giám sát/Giá trị tài sản ròng trung bình trong kỳ (%) | C4: 2266 | D4: =Khac_06030!D20 -> 0.04949044 | E4: =Khac_06030!E20 -> 0
A5: 3 | B5: Tỷ tệ chi phí dịch vụ quản trị quỹ và các chi phí khác mà công ty quản lý quỹ trả cho tổ chức cung cấp dịch vụ có liên quan/Giá trị tài sản ròng trung bình trong kỳ (%) (nếu có) | C5: 22661 | D5: =Khac_06030!D21 -> 0.039833769 | E5: =Khac_06030!E21 -> 0
A6: 4 | B6: Chi phí kiểm toán trả cho tổ chức kiểm toán (nếu phát sinh)/Giá trị tài sản ròng trung bình trong kỳ (%) | C6: 2267 | D6: =Khac_06030!D22 -> 0 | E6: =Khac_06030!E22 -> 0
A7: 5 | B7: Chi phí trả cho tổ chức quản lý bất động sản/ Giá trị tài sản ròng trung bình trong kỳ (%) | C7: 2286
A8: 6 | B8: Chi phí trả cho doanh nghiệp thẩm định giá bất động sản/Giá trị tài sản ròng trung bình trong kỳ (%) | C8: 2287
A9: 7 | B9: Chi phí dịch tư vấn pháp lý, dịch vụ báo giá và các dịch vụ hợp lý khác, thù lao trả cho Ban đại diện quỹ (Hội đồng quản trị)/Giá trị tài sản ròng trung bình trong kỳ (%) | C9: 2268 | D9: =Khac_06030!D23 -> 0 | E9: =Khac_06030!E23 -> 0
A10: 8 | B10: Tỷ lệ chi phí/Giá trị tài sản ròng trung bình trong kỳ (%) | C10: 2269 | D10: =Khac_06030!D24 -> 0.10139505 | E10: =Khac_06030!E24 -> 0
A11: 9 | B11: Tốc độ vòng quay danh mục trong kỳ (%) | C11: 2270 | D11: =Khac_06030!D25 -> 0 | E11: =Khac_06030!E25 -> 0
A12: 10 | B12: Tỷ lệ thu nhập (tính cả thu nhập từ lãi, cổ tức, trái tức, chênh lệch giá)/Giá trị tài sản ròng (áp dụng đối với quỹ thành viên, quỹ đóng, công ty đầu tư chứng khoán) | C12: 2287
A13: II | B13: Các chỉ tiêu khác | C13: 2272
A14: 1 | B14: Quy mô quỹ/công ty đầu kỳ | C14: 2273 | D14: =Khac_06030!D27 -> 50435000000 | E14: =Khac_06030!E27 -> 0
B15: Tổng giá trị chứng chỉ quỹ/cổ phiếu đang lưu hành đầu kỳ | C15: 2274 | D15: =Khac_06030!D28 -> 50435000000 | E15: =Khac_06030!E28 -> 0
B16: Tổng số lượng chứng chỉ quỹ/cổ phiếu đang lưu hành đầu kỳ | C16: 2275 | D16: =Khac_06030!D29 -> 5043500 | E16: =Khac_06030!E29 -> 0
A17: 2 | B17: Thay đổi quy mô trong kỳ | C17: 2276 | D17: =Khac_06030!D30 -> 0 | E17: =Khac_06030!E30 -> 0
B18: Số lượng chứng chỉ quỹ/ cổ phiếu phát hành thêm trong kỳ | C18: 2277 | D18: =Khac_06030!D33 -> 0 | E18: =Khac_06030!E33 -> 0
B19: Giá trị vốn thực huy động thêm trong kỳ | C19: 2278 | D19: =Khac_06030!D34 -> 0 | E19: =Khac_06030!E34 -> 0
B20: Số lượng chứng chỉ quỹ mua lại trong kỳ | C20: 22781 | D20: =Khac_06030!D35 -> 0 | E20: =Khac_06030!E35 -> 0
B21: Giá trị vốn thực thanh toán trong kỳ | C21: 22782 | D21: =Khac_06030!D36 -> 0 | E21: =Khac_06030!E36 -> 0
A22: 3 | B22: Quy mô quỹ/công ty cuối kỳ | C22: 2279 | D22: =Khac_06030!D37 -> 50435000000 | E22: =Khac_06030!E37 -> 0
B23: Tổng giá trị thị trường của quỹ/công ty đang lưu hành cuối kỳ | C23: 2280 | D23: =Khac_06030!D38 -> 50435000000 | E23: =Khac_06030!E38 -> 0
B24: Tổng số lượng chứng chỉ quỹ/cổ phiếu đang lưu hành cuối kỳ | C24: 2281 | D24: =Khac_06030!D39 -> 5043500 | E24: =Khac_06030!E39 -> 0
A25: 4 | B25: Tỷ lệ nắm giữ chứng chỉ quỹ/cổ phiếu của công ty quản lý quỹ và người có liên quan cuối kỳ | C25: 2282 | D25: =Khac_06030!D40 -> 0 | E25: =Khac_06030!E40 -> 0
A26: 5 | B26: Tỷ lệ nắm giữ chứng chỉ quỹ/cổ phiếu của 10 nhà đầu tư/cổ đông lớn nhất cuối kỳ | C26: 2283 | D26: =Khac_06030!D41 -> 0.994 | E26: =Khac_06030!E41 -> 0
A27: 6 | B27: Tỷ lệ nắm giữ chứng chỉ quỹ/cổ phiếu của nhà đầu tư/cổ đông nước ngoài cuối kỳ | C27: 2284 | D27: =Khac_06030!D42 -> 0 | E27: =Khac_06030!E42 -> 0
A28: 7 | B28: Số nhà đầu tư tham gia vào quỹ, kể cả giao dịch ký danh (áp dụng đối với quỹ mở) | C28: 22841 | D28: =Khac_06030!D44 -> 139 | E28: =Khac_06030!E44 -> 0
A29: 8 | B29: Giá trị tài sản ròng trên một chứng chỉ quỹ/cổ phiếu cuối kỳ | C29: 2285 | D29: =Khac_06030!D43 -> 9992.45 | E29: =Khac_06030!E43 -> 0
A30: 9 | B30: Giá trị thị trường trên một chứng chỉ quỹ/cổ phiếu cuối kỳ (áp dụng đối với quỹ niêm yết) | C30: 2288

Sheet ThongKePhiGiaoDich_06145
A1: Phụ lục XXVI. Mẫu báo cáo về hoạt động của Quỹ Appendix XXVI. Report on Fund's Operation
A2: (Ban hành kèm theo Thông tư số 98/2020/TT-BTC ngày 16 tháng 11 năm 2020 của Bộ trưởng Bộ Tài về hướng dẫn hoạt động và quản lý quỹ đầu tư chứng khoán (Issued in association with Circular 98/2020/TT-BTC dated 16 November 2020 of the Minister of Finance on guiding the operation and management of the securities investment funds
A3: BÁO CÁO VỀ HOẠT ĐỘNG ĐẦU TƯ REPORT ON INVESTMENT ACTIVITIES
A4: =BCThuNhap_06203!A5 -> Năm 2022/ Year 2022
A6: Tên Quỹ: | C6: Quỹ Đầu Tư Trái Phiếu Lighthouse
A7: Fund name: | C7: Lighthouse Capital Bond Fund (LHBF)
A8: Tên Công ty quản lý quỹ: | C8: Công Ty Cổ Phần Quản Lý Quỹ Đầu Tư Lighthouse
A9: Fund Management Company: | C9: Lighthouse Capital Fund Management Joint Stock Company
A10: Tên ngân hàng giám sát: | C10: Ngân hàng TMCP Đầu tư và Phát triển Việt Nam Chi nhánh Nam Kỳ Khởi Nghĩa
A11: Supervising bank: | C11: Bank for Investment and Development of VietNam JSC - Nam Ky Khoi Nghia Branch
A12: Ngày lập báo cáo: | C12: =BCThuNhap_06203!B13 -> Ngày 10 tháng 03 năm 2023
A13: Reporting Date: | C13: =BCThuNhap_06203!B14 -> 44995
A15: A. | B15: BÁO CÁO CHUNG VỀ HOẠT ĐỘNG ĐẦU TƯ CỦA QUỸ/GENERAL INFORMATION ON FUND'S INVESTMENT ACTIVITIES
A16: VI | B16: THỐNG KÊ GIÁ DỊCH VỤ GIAO DỊCH /REPORT ON BROKER FEE
A17: Số thứ tự No. | B17: Tên (mã) các công ty chứng khoán (có giá trị giao dịch vượt quá 5% tổng giá trị giao dịch kỳ báo cáo) Name (code) of securities companies (with transaction value exceeding 5% of the Fund’s total transaction value for the year) | C17: Quan hệ với công ty quản lý quỹ Relationship with the Fund Management Company | D17: Tỷ lệ giao dịch của quỹ qua từng công ty chứng khoán Percentage of transactions value at securities companies | G17: Phí giao dịch bình quân Average transaction fee rate | H17: Phí giao dịch bình quân trên thị trường Market average transaction fee rate
D18: Giá trị giao dịch trong kỳ báo cáo của quỹ Fund’s transaction value for the year with each securities company | E18: Tổng giá trị giao dịch trong kỳ báo cáo của quỹ (*) Fund’s total transaction value for the year (*) | F18: Tỷ lệ giao dịch của quỹ qua công ty chứng khoán trong kỳ báo cáo Percentage of the Fund’s total transaction value for the year
A19: (1) | B19: (2) | C19: (3) | D19: (4) | E19: (5) | F19: (6) = (4)/(5) | G19: (7) | H19: (8)
A21: Tổng | D21: =SUM(D20:D20) -> 0 | F21: =SUM(F20:F20) -> 0
A23: Đại diện có thẩm quyền của Ngân hàng giám sát | D23: Đại diện có thẩm quyền của Công ty quản lý quỹ
A24: Authorised Representative of Supervisory Bank | D24: Authorised Representative of Fund Management Company
A28: NH TMCP Đầu tư và Phát triển Việt Nam CN Nam Kỳ Khởi Nghĩa | E28: Công Ty Cổ Phần Quản Lý Quỹ Đầu Tư Lighthouse
A29: Hoàng Văn Sơn | E29: Nguyễn Lê Đình Quang
A30: Phó giám đốc Chi nhánh | E30: Tổng Giám Đốc
